Workbook

Sheet Выбор поселения
B1: 1 | C1: 2 | D1: 3 | E1: 4 | F1: 5 | G1: 6 | H1: 7 | I1: 8 | J1: 9 | K1: 10 | L1: 11 | M1: 12 | N1: 13 | O1: 14 | P1: 15 | Q1: 16 | R1: 17 | S1: 18 | T1: 19 | U1: 20 | V1: 21 | W1: 22 | X1: 23 | Y1: 24 | Z1: 25 | AA1: 26 | AB1: 27 | AC1: 28 | AD1: 29 | AE1: 30 | AF1: 31 | AG1: 32 | AH1: 33 | AI1: 34 | AJ1: 35 | AK1: 36 | AL1: 37 | AM1: 38 | AN1: 39 | AO1: 40 | AP1: 41 | AQ1: 42 | AR1: 43 | AS1: 44 | AT1: 45 | AU1: 46 | AV1: 47 | AW1: 48 | AX1: 49 | AY1: 50 | AZ1: 51 | BA1: 52 | BB1: 53 | BC1: 54 | BD1: 55 | BE1: 56 | BF1: 57 | BG1: 58 | BH1: 59 | BI1: 60 | BJ1: 61 | BK1: 62 | BL1: 63 | BM1: 64 | BN1: 65 | BO1: 66 | BP1: 67 | BQ1: 68 | BR1: 69 | BS1: 70 | BT1: 71 | BU1: 72 | BV1: 73 | BW1: 74 | BX1: 75 | BY1: 76 | BZ1: 77 | CA1: 78 | CB1: 79 | CC1: 80 | CD1: 81 | CE1: 82 | CF1: 83 | CG1: 84 | CH1: 85 | CI1: 86 | CJ1: 87 | CK1: 88 | CL1: 89 | CM1: 90 | CN1: 91 | CO1: 92 | CP1: 93 | CQ1: 94 | CR1: 95 | CS1: 96 | CT1: 97 | CU1: 98 | CV1: 99 | CW1: 100 | CX1: 101 | CY1: 100
C2: Фамилия и инициалы Главы | D2: Поселение | E2: Поселение В.П. | F2: Решение № | G2: Число(день) принятия Решения | H2: Поселение в.п | I2: Доходы 2023 всего | J2: Нал. Не нал. Доходы 2023 | K2: 1 01 02010 01 0000 110 | L2: 1 01 02020 01 0000 110 | M2: 1 01 02030 01 0000 110 | N2: 1 05 01011 01 0000 110 | O2: 1 05 01021 01 0000 110 | P2: 1 05 03010 01 0000 110 | Q2: 1 06 01030 10 0000 110 | R2: 1 06 06033 10 0000 110 | S2: 1 06 06043 10 0000 110 | T2: 1 11 05025 10 0000 120 | U2: Дотация 2023 | V2: Субвенция ВУС 2023 | W2: Доходы 2024 всего | X2: Нал. Не нал. Доходы 2024 | Y2: 1 01 02010 01 0000 110 | Z2: 1 01 02020 01 0000 110 | AA2: 1 01 02030 01 0000 110 | AB2: 1 05 01011 01 0000 110 | AC2: 1 05 01021 01 0000 110 | AD2: 1 05 03010 01 0000 110 | AE2: 1 06 01030 10 0000 110 | AF2: 1 06 06033 10 0000 110 | AG2: 1 06 06043 10 0000 110 | AH2: 1 11 05025 10 0000 120 | AI2: Дотация 2024 | AJ2: Субвенция ВУС 2024 | AK2: Доходы 2025 всего | AL2: Нал. Не нал. Доходы 2025 | AM2: 1 01 02010 01 0000 110 | AN2: 1 01 02020 01 0000 110 | AO2: 1 01 02030 01 0000 110 | AP2: 1 05 01011 01 0000 110 | AQ2: 1 05 01021 01 0000 110 | AR2: 1 05 03010 01 0000 110 | AS2: 1 06 01030 10 0000 110 | AT2: 1 06 06033 10 0000 110 | AU2: 1 06 06043 10 0000 110 | AV2: 1 11 05025 10 0000 120 | AW2: Дотация 2025 | AX2: Субвенция ВУС 2025 | AY2: ВСЕГО РАСХОДЫ | AZ2: 0104 0020090011 121 | BA2: 0104 0020090011 129 | BB2: 0104 0020090012 242 | BC2: 0104 0020090013 242 | BD2: 0104 0020090014 244 | BE2: 0104 0020090014 247 | BF2: 0104 0020090015 244 | BG2: 0104 0020090016 851 | BH2: 0104 0020090017 244 | BI2: 0104 0020090019 242 | BJ2: 0104 0020090019 244 | BK2: 0104 0020090019 853 | BL2: 0111 0700005020 870 | BM2: 0203 0010051181 121 | BN2: 0203 0010051181 129 | BO2: 0203 0010051189 242 | BP2: 0203 0010051189 244 | BQ2: 0203 0010051189 247 | BR2: 0310 2180000000 244 | BS2: 0503 6000001000 247 | BT2: 0503 6000005000 244 | BU2: 0503 6000005000 540 | BV2: 0801 5170007000 540 | BW2: 1403 5210006000 521 | BX2: 0203 0010051181 121 | BY2: 0203 0010051181 129 | BZ2: 0203 0010051189 242 | CA2: 0203 0010051189 244 | CB2: 0203 0010051189 247 | CC2: 1403 5210006000 521 | CD2: 0203 0010051181 121 | CE2: 0203 0010051181 129 | CF2: 0203 0010051189 242 | CG2: 0203 0010051189 244 | CH2: 0203 0010051189 247 | CI2: 1403 5210006000 521 | CJ2: ИМБТ 1 п | CK2: 2 п имбт | CL2: РОК | CM2: Благ | CN2: Респ субс | CO2: Верх Объем расходов на обслуживание муницип. долга (тыс.руб.) 2023 | CP2: Верх Объем расходов на обслуживание муницип. долга (тыс.руб.) 2024 | CQ2: Верх Объем расходов на обслуживание муницип. долга (тыс.руб.) 2025 | CR2: КОД ГРБС | CS2: Постановление о полномочиях | CT2: Предельный объем долга 2022 | CU2: Предельный объем долга 2023 | CV2: Предельный объем долга 2024 | CW2: 1 01 02080 01 0000 110 | CX2: 1 01 02130 01 0000 110 | CY2: Ввести данные и распечать Решение и приложения
A3: ФИО Главы поселения | B3: Братское | C3: ?? | D3: Братское | E3: БРАТСКОГО | F3: ?? | G3: ?? | H3: Братского | I3: =J3+U3+V3 -> 9589.2658 | J3: =SUM(K3:T3)+CW3+CX3 -> 2472.8 | K3: 300 | L3: 0 | M3: 22.2 | N3: 600 | O3: 0.6 | P3: 100 | Q3: 800 | R3: 50 | S3: 600 | T3: 0 | U3: 6579.5298 | V3: 536.936 | W3: =X3+AI3+AJ3 -> 9019.0399 | X3: =SUM(Y3:AH3) -> 2476.65 | Y3: 280 | Z3: 0.15 | AA3: 1.8 | AB3: 650 | AC3: 0.7 | AD3: 110 | AE3: 850 | AF3: 34 | AG3: 550 | AH3: 0 | AI3: 6095.3279 | AJ3: 447.062 | AK3: =AL3+AW3+AX3 -> 9034.5469 | AL3: =SUM(AM3:AV3) -> 2718.1 | AM3: 300 | AN3: 0.2 | AO3: 2 | AP3: 750 | AQ3: 0.9 | AR3: 115 | AS3: 900 | AT3: 50 | AU3: 600 | AV3: 0 | AW3: 5853.8779 | AX3: 462.569 | AY3: =SUM(AZ3:BW3) -> 9589.2658 | AZ3: 3575.96 | BA3: 1079.94 | BB3: 65 | BD3: 12 | BE3: 90 | BF3: 15 | BG3: 85.55068 | BI3: 231.65 | BJ3: 295 | BK3: 50 | BL3: 5 | BM3: 325.115 | BN3: 98.185 | BO3: 24.347 | BP3: 63.021 | BQ3: 26.268 | BR3: 5 | BS3: 670.647 | BT3: 423 | BU3: 263 | BV3: 2185.5821 | BX3: 303.235 | BY3: 91.577 | CA3: 52.25 | CD3: 315.226 | CE3: 95.198 | CG3: 52.145 | CJ3: =CONCATENATE("1. Утвердить общий объем бюджетных ассигнований на предоставление: 1) иных межбюджетных трансфертов на осуществление переданных полномочий бюджету муниципального района на 2026 год в размере ",TEXT(BV3+BU3,"0 000,000")," тыс. рублей ежегодно.") -> 1. Утвердить общий объем бюджетных ассигнований на предоставление: 1) иных межбюджетных трансфертов на осуществление переданных полномочий бюджету муниципального района на 2026 год в размере 2 448,582 тыс. рублей ежегодно. | CK3: 2. Утвердить распределение межбюджетных трансфертов: 1) на 2026 год согласно приложению 8 к настоящему решению. | CL3: Иной межбюджетный трансферт бюджету Надтеречного муниципального района на осуществление полномочий по решению вопросов местного значения в сфере Культуры, переданных на основании соглашений | CO3: =(I3-V3)*0.15 -> 1357.8495 | CP3: =(W3-AJ3)*0.15 -> 1285.7967 | CQ3: =(AK3-AX3)*0.15 -> 1285.7967 | CR3: 660 | CS3: 122/1 от 14.11.2021 года | CT3: =J3*0.5 -> 1236.4 | CU3: 389.05 | CV3: 435.55 | CW3: 0 | CX3: 0 | CY3: А.А. Умаров | DC3: =I3-AY3 -> 0 | DD3: =AK3-(AY3-BM3-BN3-BO3-BP3-BQ3-BW3+CD3+CE3+CF3+CG3+CH3+CI3) -> -480.35186 | DE3: =W3-(AY3-BM3-BN3-BO3-BP3-BQ3-BW3+BX3+BY3+BZ3+CA3+CB3+CC3) -> -480.35186 | DF3: =DD3-DE3 -> -1.8189894e-12
B4: Гвардейское | C4: К.А. Цокаев | D4: Гвардейское | E4: ГВАРДЕЙСКОГО | H4: Гвардейского | I4: =J4+U4+V4 -> 12522.479 | J4: =SUM(K4:T4)+CW4+CX4 -> 6294 | K4: 800 | L4: 0 | M4: 20 | N4: 700 | O4: 0 | P4: 50 | Q4: 2300 | R4: 400 | S4: 2000 | T4: 24 | U4: 5691.5432 | V4: 536.936 | W4: =X4+AI4+AJ4 -> 11676.272 | X4: =SUM(Y4:AH4) -> 5868.25 | Y4: 790 | Z4: 0.25 | AA4: 20 | AB4: 800 | AC4: 0 | AD4: 60 | AE4: 2360 | AF4: 258 | AG4: 1560 | AH4: 20 | AI4: 5360.9604 | AJ4: 447.062 | AK4: =AL4+AW4+AX4 -> 11691.779 | AL4: =SUM(AM4:AV4) -> 6246.3 | AM4: 850 | AN4: 0.3 | AO4: 21 | AP4: 850 | AQ4: 0 | AR4: 65 | AS4: 2460 | AT4: 300 | AU4: 1680 | AV4: 20 | AW4: 4982.9104 | AX4: 462.569 | AY4: =SUM(AZ4:BW4) -> 12522.479 | AZ4: 3729.263 | BA4: 1126.237 | BB4: 65 | BD4: 12 | BE4: 90 | BF4: 15 | BG4: 551.29639 | BI4: 235.589 | BJ4: =450-332.009+125 -> 242.991 | BK4: 30 | BL4: 5 | BM4: 325.115 | BN4: 98.185 | BO4: 24.347 | BP4: 63.021 | BQ4: 26.268 | BR4: 5 | BS4: 820.947 | BT4: 483.3 | BU4: 202.7 | BV4: 4371.2198 | BX4: 303.235 | BY4: 91.577 | CA4: 52.25 | CD4: 315.226 | CE4: 95.198 | CG4: 52.145 | CJ4: =CONCATENATE("1. Утвердить общий объем бюджетных ассигнований на предоставление: 1) иных межбюджетных трансфертов на осуществление переданных полномочий бюджету муниципального района на 2026 год в размере ",TEXT(BV4+BU4,"0 000,000")," тыс. рублей ежегодно.") -> 1. Утвердить общий объем бюджетных ассигнований на предоставление: 1) иных межбюджетных трансфертов на осуществление переданных полномочий бюджету муниципального района на 2026 год в размере 4 573,920 тыс. рублей ежегодно. | CK4: 2. Утвердить распределение межбюджетных трансфертов: 1) на 2026 год согласно приложению 8 к настоящему решению. | CL4: Иной межбюджетный трансферт бюджету Надтеречного муниципального района на осуществление полномочий по решению вопросов местного значения в сфере Культуры, переданных на основании соглашений | CM4: Иной межбюджетный трансферт бюджету Надтеречного муниципального района на осуществление полномочий по решению вопросов местного значения в сфере Благоустройства, переданных на основании соглашений | CO4: =(I4-V4)*0.15 -> 1797.8315 | CP4: =(W4-AJ4)*0.15 -> 1684.3816 | CQ4: =(AK4-AX4)*0.15 -> 1684.3816 | CR4: 661 | CS4: 147/1 от 15.11.2021 года | CT4: =J4*0.5 -> 3147 | CU4: 1470.28 | CV4: 1585.95 | CW4: 0 | CX4: 0 | CY4: =VLOOKUP($CY$109,$B$3:$CV$14,3,FALSE) -> Братское | DC4: =I4-AY4 -> 0 | DD4: =AK4-(AY4-BM4-BN4-BO4-BP4-BQ4-BW4+CD4+CE4+CF4+CG4+CH4+CI4) -> -756.33281 | DE4: =W4-(AY4-BM4-BN4-BO4-BP4-BQ4-BW4+BX4+BY4+BZ4+CA4+CB4+CC4) -> -756.33281
B5: Горагорский | C5: С.А. Богаев | D5: Горагорский | E5: ГОРАГОРСКОГО | H5: Горагорского | I5: =J5+U5+V5 -> 10736.97 | J5: =SUM(K5:T5)+CW5+CX5 -> 3220 | K5: 400 | L5: 0 | M5: 10 | N5: 1900 | O5: 0 | P5: 0 | Q5: 180 | R5: 460 | S5: 270 | T5: 0 | U5: 6980.0341 | V5: 536.936 | W5: =X5+AI5+AJ5 -> 10061.071 | X5: =SUM(Y5:AH5) -> 4379.7148 | Y5: 350 | Z5: 0 | AA5: 10.1 | AB5: 3297.6148 | AC5: 0 | AD5: 0 | AE5: 225 | AF5: 255 | AG5: 242 | AH5: 0 | AI5: 5234.2942 | AJ5: 447.062 | AK5: =AL5+AW5+AX5 -> 10076.578 | AL5: =SUM(AM5:AV5) -> 5053.2696 | AM5: 440 | AN5: 0 | AO5: 10.14 | AP5: 3856.6296 | AQ5: 0 | AR5: 0 | AS5: 230 | AT5: 266.5 | AU5: 250 | AV5: 0 | AW5: 4560.7394 | AX5: 462.569 | AY5: =SUM(AZ5:BW5) -> 10736.97 | AZ5: 3595.008 | BA5: 1085.692 | BB5: 65 | BD5: 12 | BE5: 70 | BF5: 15 | BG5: 221.85505 | BI5: 174.77 | BJ5: 388 | BK5: 35 | BL5: 5 | BM5: 325.115 | BN5: 98.185 | BO5: 24.347 | BP5: 63.021 | BQ5: 26.268 | BR5: 5 | BS5: 307.294 | BT5: 942 | BU5: 0 | BV5: 3278.4151 | BX5: 303.235 | BY5: 91.577 | CA5: 52.25 | CD5: 315.226 | CE5: 95.198 | CG5: 52.145 | CJ5: =CONCATENATE("1. Утвердить общий объем бюджетных ассигнований на предоставление: 1) иных межбюджетных трансфертов на осуществление переданных полномочий бюджету муниципального района на 2026 год в размере ",TEXT(BV5+BU5,"0 000,000")," тыс. рублей ежегодно.") -> 1. Утвердить общий объем бюджетных ассигнований на предоставление: 1) иных межбюджетных трансфертов на осуществление переданных полномочий бюджету муниципального района на 2026 год в размере 3 278,415 тыс. рублей ежегодно. | CK5: 2. Утвердить распределение межбюджетных трансфертов: 1) на 2026 год согласно приложению 8 к настоящему решению. | CL5: Иной межбюджетный трансферт бюджету Надтеречного муниципального района на осуществление полномочий по решению вопросов местного значения в сфере Культуры, переданных на основании соглашений | CO5: =(I5-V5)*0.15 -> 1530.0051 | CP5: =(W5-AJ5)*0.15 -> 1442.1013 | CQ5: =(AK5-AX5)*0.15 -> 1442.1013 | CR5: 671 | CS5: 87/1 от 14.11.2021 года | CT5: =J5*0.5 -> 1610 | CU5: 554 | CV5: 566.85 | CW5: 0 | CX5: 0 | CY5: =VLOOKUP($CY$109,$B$3:$CV$14,4,FALSE) -> БРАТСКОГО | DC5: =I5-AY5 -> 0 | DD5: =AK5-(AY5-BM5-BN5-BO5-BP5-BQ5-BW5+CD5+CE5+CF5+CG5+CH5+CI5) -> -586.02514 | DE5: =W5-(AY5-BM5-BN5-BO5-BP5-BQ5-BW5+BX5+BY5+BZ5+CA5+CB5+CC5) -> -586.02514
A6: Номер решения | B6: Бено-Юрт | C6: ?? | D6: Бено-Юрт | E6: БЕНО-ЮРТОВСКОГО | F6: ?? | G6: ?? | H6: Бено-Юртовского | I6: =J6+U6+V6 -> 11856.902 | J6: =SUM(K6:T6)+CW6+CX6 -> 4147 | K6: 400 | L6: 0 | M6: 7 | N6: 750 | O6: 5 | P6: 30 | Q6: 1700 | R6: 33 | S6: 1200 | T6: 22 | U6: 7172.9656 | V6: 536.936 | W6: =X6+AI6+AJ6 -> 10996.981 | X6: =SUM(Y6:AH6) -> 4385.5023 | Y6: 450 | Z6: 0.25 | AA6: 4.5 | AB6: 900 | AC6: 46.2523 | AD6: 15.5 | AE6: 1800 | AF6: 49 | AG6: 1100 | AH6: 20 | AI6: 6164.4163 | AJ6: 447.062 | AK6: =AL6+AW6+AX6 -> 11012.488 | AL6: =SUM(AM6:AV6) -> 4800.52 | AM6: 500.72 | AN6: 0.3 | AO6: 5.5 | AP6: 950 | AQ6: 55 | AR6: 20 | AS6: 2000 | AT6: 49 | AU6: 1200 | AV6: 20 | AW6: 5749.3986 | AX6: 462.569 | AY6: =SUM(AZ6:BW6) -> 11856.902 | AZ6: 3931.951 | BA6: 1187.449 | BB6: 65 | BD6: 12 | BE6: 90 | BF6: 15 | BG6: 114.41166 | BI6: =165.464+65 -> 230.464 | BJ6: =198.125+250 -> 448.125 | BK6: 30 | BL6: 5 | BM6: 325.115 | BN6: 98.185 | BO6: 24.347 | BP6: 63.021 | BQ6: 26.268 | BR6: 5 | BS6: 674.747 | BT6: 0 | BU6: 686 | BV6: 3824.8179 | BX6: 303.235 | BY6: 91.577 | CA6: 52.25 | CD6: 315.226 | CE6: 95.198 | CG6: 52.145 | CJ6: =CONCATENATE("1. Утвердить общий объем бюджетных ассигнований на предоставление: 1) иных межбюджетных трансфертов на осуществление переданных полномочий бюджету муниципального района на 2026 год в размере ",TEXT(BV6+BU6,"0 000,000")," тыс. рублей ежегодно.") -> 1. Утвердить общий объем бюджетных ассигнований на предоставление: 1) иных межбюджетных трансфертов на осуществление переданных полномочий бюджету муниципального района на 2026 год в размере 4 510,818 тыс. рублей ежегодно. | CK6: 2. Утвердить распределение межбюджетных трансфертов: 1) на 2026 год согласно приложению 8 к настоящему решению. | CL6: Иной межбюджетный трансферт бюджету Надтеречного муниципального района на осуществление полномочий по решению вопросов местного значения в сфере Культуры, переданных на основании соглашений | CM6: Иной межбюджетный трансферт бюджету Надтеречного муниципального района на осуществление полномочий по решению вопросов местного значения в сфере Благоустройства, переданных на основании соглашений | CO6: =(I6-V6)*0.15 -> 1697.9948 | CP6: =(W6-AJ6)*0.15 -> 1582.4878 | CQ6: =(AK6-AX6)*0.15 -> 1582.4878 | CR6: 662 | CS6: 19 от 14.11.2021 года | CT6: =J6*0.5 -> 2073.5 | CU6: 762.55 | CV6: 845.6 | CW6: 0 | CX6: 0 | CY6: 15 | DC6: =I6-AY6 -> 0 | DD6: =AK6-(AY6-BM6-BN6-BO6-BP6-BQ6-BW6+CD6+CE6+CF6+CG6+CH6+CI6) -> -770.04702 | DE6: =W6-(AY6-BM6-BN6-BO6-BP6-BQ6-BW6+BX6+BY6+BZ6+CA6+CB6+CC6) -> -770.04702
A7: Число даты утверждения | B7: Знаменское | C7: С.А. Аслаханов | D7: Знаменское | E7: ЗНАМЕНСКОГО | H7: Знаменского | I7: =J7+U7+V7 -> 22452.114 | J7: =SUM(K7:T7)+CW7+CX7 -> 21378.663 | K7: 2800 | L7: 30 | M7: 40.02 | N7: 3897.9466 | O7: 518.3567 | P7: 853.5 | Q7: 9235 | R7: 1257 | S7: 2693 | T7: 23 | U7: 4.5474735e-12 | V7: 1073.451 | W7: =X7+AI7+AJ7 -> 18365.856 | X7: =SUM(Y7:AH7) -> 17472.52 | Y7: 2850 | Z7: 10.55 | AA7: 21.07 | AB7: 3900 | AC7: 305.2 | AD7: 484.7 | AE7: 6300 | AF7: 785 | AG7: 2796 | AH7: 20 | AI7: 0 | AJ7: 893.336 | AK7: =AL7+AW7+AX7 -> 18861.472 | AL7: =SUM(AM7:AV7) -> 17937.122 | AM7: 2989 | AN7: 11.1 | AO7: 22 | AP7: 3950 | AQ7: 310.0224 | AR7: 495 | AS7: 6500 | AT7: 790 | AU7: 2850 | AV7: 20 | AW7: -1.4779289e-12 | AX7: 924.35 | AY7: =SUM(AZ7:BW7) -> 22452.114 | AZ7: 4100.154 | BA7: 1238.246 | BB7: 65 | BD7: 12 | BE7: 75 | BF7: 15 | BG7: 186.20221 | BI7: 254.546 | BJ7: =10.17335+321.826649999995 -> 332 | BK7: 30 | BL7: 5 | BM7: 650.23 | BN7: 196.37 | BO7: 48.694 | BP7: 125.621 | BQ7: 52.536 | BR7: 5 | BS7: 1676.442 | BT7: =1300.464+3390.58567228605 -> 4691.0497 | BU7: 199.536 | BV7: 4917.6226 | BW7: 3575.8648 | BX7: 606.47 | BY7: 183.154 | CA7: 103.712 | CC7: 2620.3506 | CD7: 630.452 | CE7: 190.396 | CG7: 103.502 | CI7: 3084.953 | CJ7: =CONCATENATE("1. Утвердить общий объем бюджетных ассигнований на предоставление: 1) иных межбюджетных трансфертов на осуществление переданных полномочий бюджету муниципального района на 2026 год в размере ",TEXT(BV7+BU7,"0 000,000")," тыс. рублей ежегодно; 2) субсидий бюджету Чеченской Республики в соответствии со ст. 142.2 Бюджетного кодекса Российской Федерации на 2026 год в размере ",TEXT(BW7,"0 000,000")," тыс. рублей") -> 1. Утвердить общий объем бюджетных ассигнований на предоставление: 1) иных межбюджетных трансфертов на осуществление переданных полномочий бюджету муниципального района на 2026 год в размере 5 117,159 тыс. рублей ежегодно; 2) субсидий бюджету Чеченской Республики в соответствии со ст. 142.2 Бюджетного кодекса Российской Федерации на 2026 год в размере 3 575,865 тыс. рублей | CK7: 2. Утвердить распределение межбюджетных трансфертов: 1) на 2026 год согласно приложению 8 к настоящему решению. | CL7: Иной межбюджетный трансферт бюджету Надтеречного муниципального района на осуществление полномочий по решению вопросов местного значения в сфере Культуры, переданных на основании соглашений | CM7: Иной межбюджетный трансферт бюджету Надтеречного муниципального района на осуществление полномочий по решению вопросов местного значения в сфере Благоустройства, переданных на основании соглашений | CN7: Субсидия бюджету Чеченской Республики в соответствии со ст. 142.2 Бюджетного кодекса Российской Федерации | CO7: =(I7-V7)*0.15 -> 3206.7995 | CP7: =(W7-AJ7)*0.15 -> 2620.878 | CQ7: =(AK7-AX7)*0.15 -> 2690.5684 | CR7: 663 | CS7: 297/1 от 14.11.2021 года | CT7: =J7*0.5 -> 10689.332 | CU7: 7210.01 | CV7: 8262.67 | CW7: 9.96 | CX7: 20.88 | CY7: 30 | DC7: =I7-AY7 -> 0 | DD7: =AK7-(AY7-BM7-BN7-BO7-BP7-BQ7-BW7+CD7+CE7+CF7+CG7+CH7+CI7) -> -2950.6291 | DE7: =W7-(AY7-BM7-BN7-BO7-BP7-BQ7-BW7+BX7+BY7+BZ7+CA7+CB7+CC7) -> -2950.6291
B8: Верхний Наур | C8: Х.М. Лечиев | D8: Верхний Наур | E8: ВЕРХНЕНАУРСКОГО | H8: Верхненаурского | I8: =J8+U8+V8 -> 14687.297 | J8: =SUM(K8:T8)+CW8+CX8 -> 3271.06 | K8: 350 | L8: 0.06 | M8: 6 | N8: 300 | O8: 50 | P8: 5 | Q8: 1300 | R8: 160 | S8: 1100 | T8: 0 | U8: 10879.301 | V8: 536.936 | W8: =X8+AI8+AJ8 -> 13716.42 | X8: =SUM(Y8:AH8) -> 3347.85 | Y8: 300 | Z8: 0.15 | AA8: 5.5 | AB8: 350 | AC8: 42 | AD8: 5.2 | AE8: 1500 | AF8: 145 | AG8: 1000 | AH8: 0 | AI8: 9921.5079 | AJ8: 447.062 | AK8: =AL8+AW8+AX8 -> 13731.927 | AL8: =SUM(AM8:AV8) -> 3604.2 | AM8: 350 | AN8: 0.2 | AO8: 6.5 | AP8: 400 | AQ8: 42 | AR8: 5.5 | AS8: 1600 | AT8: 150 | AU8: 1050 | AV8: 0 | AW8: 9665.1579 | AX8: 462.569 | AY8: =SUM(AZ8:BW8) -> 14687.297 | AZ8: 3576.498 | BA8: 1080.102 | BB8: 65 | BD8: 12 | BE8: 90 | BF8: 15 | BG8: 210.2276 | BH8: 120 | BI8: 226.456 | BJ8: 298 | BK8: 60 | BL8: 5 | BM8: 325.115 | BN8: 98.185 | BO8: 24.347 | BP8: 63.021 | BQ8: 26.268 | BR8: 5 | BS8: 1144.247 | BT8: 0 | BU8: 686 | BV8: 6556.8302 | BX8: 303.235 | BY8: 91.577 | CA8: 52.25 | CD8: 315.226 | CE8: 95.198 | CG8: 52.145 | CJ8: =CONCATENATE("1. Утвердить общий объем бюджетных ассигнований на предоставление: 1) иных межбюджетных трансфертов на осуществление переданных полномочий бюджету муниципального района на 2026 год в размере ",TEXT(BV8+BU8,"0 000,000")," тыс. рублей ежегодно.") -> 1. Утвердить общий объем бюджетных ассигнований на предоставление: 1) иных межбюджетных трансфертов на осуществление переданных полномочий бюджету муниципального района на 2026 год в размере 7 242,830 тыс. рублей ежегодно. | CK8: 2. Утвердить распределение межбюджетных трансфертов: 1) на 2026 год согласно приложению 8 к настоящему решению. | CL8: Иной межбюджетный трансферт бюджету Надтеречного муниципального района на осуществление полномочий по решению вопросов местного значения в сфере Культуры, переданных на основании соглашений | CM8: Иной межбюджетный трансферт бюджету Надтеречного муниципального района на осуществление полномочий по решению вопросов местного значения в сфере Благоустройства, переданных на основании соглашений | CO8: =(I8-V8)*0.15 -> 2122.5541 | CP8: =(W8-AJ8)*0.15 -> 1990.4037 | CQ8: =(AK8-AX8)*0.15 -> 1990.4037 | CR8: 664 | CS8: 59/2 от 14 .11. 2021 года | CT8: =J8*0.5 -> 1635.53 | CU8: 1336.1 | CV8: 1362.6 | CW8: 0 | CX8: 0 | CY8: =VLOOKUP($CY$109,$B$3:$CV$14,7,FALSE) -> Братского | DC8: =I8-AY8 -> 0 | DD8: =AK8-(AY8-BM8-BN8-BO8-BP8-BQ8-BW8+CD8+CE8+CF8+CG8+CH8+CI8) -> -881.00292 | DE8: =W8-(AY8-BM8-BN8-BO8-BP8-BQ8-BW8+BX8+BY8+BZ8+CA8+CB8+CC8) -> -881.00292
B9: Надтеречненское | C9: С.Н. Алероев | D9: Надтеречное | E9: НАДТЕРЕЧНЕНСКОГО | H9: Надтеречненского | I9: =J9+U9+V9 -> 9765.1502 | J9: =SUM(K9:T9)+CW9+CX9 -> 6561.4 | K9: 1500 | L9: 4.4 | M9: 11 | N9: 400 | O9: 40 | P9: 15 | Q9: 2800 | R9: 644 | S9: 1100 | T9: 24 | U9: 2130.2992 | V9: 1073.451 | W9: =X9+AI9+AJ9 -> 7806.954 | X9: =SUM(Y9:AH9) -> 7360.68 | Y9: 1350 | Z9: 6.68 | AA9: 12 | AB9: 650 | AC9: 32 | AD9: 16 | AE9: 3300 | AF9: 820 | AG9: 1150 | AH9: 24 | AI9: 0 | AJ9: 446.274 | AK9: =AL9+AW9+AX9 -> 8058.481 | AL9: =SUM(AM9:AV9) -> 7596.7 | AM9: 1420 | AN9: 6.7 | AO9: 13 | AP9: 750 | AQ9: 35 | AR9: 18 | AS9: 3350 | AT9: 825 | AU9: 1155 | AV9: 24 | AW9: 8.5265128e-13 | AX9: 461.781 | AY9: =SUM(AZ9:BW9) -> 9765.1502 | AZ9: 3912.903 | BA9: 1181.697 | BB9: 65 | BD9: 10 | BE9: 110 | BF9: 15 | BG9: 116.39252 | BI9: 306.456 | BJ9: 300 | BK9: 80 | BL9: 5 | BM9: 650.23 | BN9: 196.37 | BO9: 48.694 | BP9: 125.621 | BQ9: 52.536 | BR9: 5 | BS9: 491.446 | BT9: 1000 | BU9: 0 | BV9: 1092.8047 | BX9: 303.235 | BY9: 91.577 | CA9: 51.462 | CC9: 11.52819 | CD9: 315.226 | CE9: 95.198 | CG9: 51.357 | CI9: 247.54819 | CJ9: =CONCATENATE("1. Утвердить общий объем бюджетных ассигнований на предоставление: 1) иных межбюджетных трансфертов на осуществление переданных полномочий бюджету муниципального района на 2026 год в размере ",TEXT(BV9+BU9,"0 000,000")," тыс. рублей ежегодно.") -> 1. Утвердить общий объем бюджетных ассигнований на предоставление: 1) иных межбюджетных трансфертов на осуществление переданных полномочий бюджету муниципального района на 2026 год в размере 1 092,805 тыс. рублей ежегодно. | CK9: 2. Утвердить распределение межбюджетных трансфертов: 1) на 2026 год согласно приложению 8 к настоящему решению. | CL9: Иной межбюджетный трансферт бюджету Надтеречного муниципального района на осуществление полномочий по решению вопросов местного значения в сфере Культуры, переданных на основании соглашений | CM9: Иной межбюджетный трансферт бюджету Надтеречного муниципального района на осуществление полномочий по решению вопросов местного значения в сфере Благоустройства, переданных на основании соглашений | CN9: Субсидия бюджету Чеченской Республики в соответствии со ст. 142.2 Бюджетного кодекса Российской Федерации | CO9: =(I9-V9)*0.15 -> 1303.7549 | CP9: =(W9-AJ9)*0.15 -> 1104.102 | CQ9: =(AK9-AX9)*0.15 -> 1139.505 | CR9: 665 | CS9: 166/1 от 14.11.2021 года | CT9: =J9*0.5 -> 3280.7 | CU9: 2522.95 | CV9: 2752.7 | CW9: 23 | CX9: 0 | CY9: =VLOOKUP($CY$109,$B$3:$CV$14,8,FALSE) -> 9589.2658 | CZ9: Доходы всего | DB9: 2023 | DC9: =I9-AY9 -> 0 | DD9: =AK9-(AY9-BM9-BN9-BO9-BP9-BQ9-BW9+CD9+CE9+CF9+CG9+CH9+CI9) -> -1342.5474 | DE9: =W9-(AY9-BM9-BN9-BO9-BP9-BQ9-BW9+BX9+BY9+BZ9+CA9+CB9+CC9) -> -1342.5474
B10: Мекен-Юрт | C10: А.Н. Гинаев | D10: Мекен-Юрт | E10: МЕКЕН-ЮРТОВСКОГО | H10: Мекен-Юртовского | I10: =J10+U10+V10 -> 10922.614 | J10: =SUM(K10:T10)+CW10+CX10 -> 977.28 | K10: 207.28 | L10: 0 | M10: 7 | N10: 0 | O10: 3 | P10: 1 | Q10: 380 | R10: 55 | S10: 320 | T10: 4 | U10: 9408.398 | V10: 536.936 | W10: =X10+AI10+AJ10 -> 10937.868 | X10: =SUM(Y10:AH10) -> 1290.15 | Y10: 160 | Z10: 0.15 | AA10: 2.8 | AB10: 180 | AC10: 2.1 | AD10: 1.1 | AE10: 500 | AF10: 41 | AG10: 400 | AH10: 3 | AI10: 9200.6562 | AJ10: 447.062 | AK10: =AL10+AW10+AX10 -> 10953.375 | AL10: =SUM(AM10:AV10) -> 1463.85 | AM10: 180 | AN10: 0.2 | AO10: 2.85 | AP10: 280 | AQ10: 2.5 | AR10: 1.3 | AS10: 539 | AT10: 50 | AU10: 405 | AV10: 3 | AW10: 9026.9562 | AX10: 462.569 | AY10: =SUM(AZ10:BW10) -> 10922.614 | AZ10: 2707.604 | BA10: 817.696 | BB10: 65 | BD10: 12 | BE10: 90 | BF10: 15 | BG10: 55.3355 | BH10: 60 | BI10: 160 | BJ10: 312.77 | BK10: 35 | BL10: 5 | BM10: 325.115 | BN10: 98.185 | BO10: 24.347 | BP10: 63.021 | BQ10: 26.268 | BR10: 5 | BS10: 351.247 | BT10: 230 | BU10: 0 | BV10: 5464.0255 | BX10: 303.235 | BY10: 91.577 | CA10: 52.25 | CD10: 315.226 | CE10: 95.198 | CG10: 52.145 | CJ10: =CONCATENATE("1. Утвердить общий объем бюджетных ассигнований на предоставление: 1) иных межбюджетных трансфертов на осуществление переданных полномочий бюджету муниципального района на 2026 год в размере ",TEXT(BV10+BU10,"0 000,000")," тыс. рублей ежегодно.") -> 1. Утвердить общий объем бюджетных ассигнований на предоставление: 1) иных межбюджетных трансфертов на осуществление переданных полномочий бюджету муниципального района на 2026 год в размере 5 464,025 тыс. рублей ежегодно. | CK10: 2. Утвердить распределение межбюджетных трансфертов: 1) на 2026 год согласно приложению 8 к настоящему решению. | CL10: Иной межбюджетный трансферт бюджету Надтеречного муниципального района на осуществление полномочий по решению вопросов местного значения в сфере Культуры, переданных на основании соглашений | CO10: =(I10-V10)*0.15 -> 1557.8517 | CP10: =(W10-AJ10)*0.15 -> 1573.6209 | CQ10: =(AK10-AX10)*0.15 -> 1573.6209 | CR10: 666 | CS10: 106 от 14.11.2021 | CT10: =J10*0.5 -> 488.64 | CU10: 404.5 | CV10: 420 | CW10: 0 | CX10: 0 | CY10: =VLOOKUP($CY$109,$B$3:$CV$14,9,FALSE) -> 2472.8 | CZ10: Налоговые неналоговые | DC10: =I10-AY10 -> 0 | DD10: =AK10-(AY10-BM10-BN10-BO10-BP10-BQ10-BW10+CD10+CE10+CF10+CG10+CH10+CI10) -> 105.12819 | DE10: =W10-(AY10-BM10-BN10-BO10-BP10-BQ10-BW10+BX10+BY10+BZ10+CA10+CB10+CC10) -> 105.12819
B11: Подгорное | C11: Я.С. Самбиев | D11: Подгорное | E11: ПОДГОРНЕНСКОГО | H11: Подгорненского | I11: =J11+U11+V11 -> 7573.2088 | J11: =SUM(K11:T11)+CW11+CX11 -> 1049.1 | K11: 100 | L11: 0.1 | M11: 1 | N11: 20 | O11: 0 | P11: 0 | Q11: 580 | R11: 18 | S11: 330 | T11: 0 | U11: 6297.9618 | V11: 226.147 | W11: =X11+AI11+AJ11 -> 7007.0643 | X11: =SUM(Y11:AH11) -> 1070.96 | Y11: 100.76 | Z11: 0.15 | AA11: 1.05 | AB11: 15 | AC11: 0 | AD11: 0 | AE11: 620 | AF11: 3 | AG11: 331 | AH11: 0 | AI11: 5751.4593 | AJ11: 184.645 | AK11: =AL11+AW11+AX11 -> 7013.2633 | AL11: =SUM(AM11:AV11) -> 1104.78 | AM11: 110 | AN11: 0.2 | AO11: 1.08 | AP11: 30 | AQ11: 0 | AR11: 0 | AS11: 625 | AT11: 3.5 | AU11: 335 | AV11: 0 | AW11: 5717.6393 | AX11: 190.844 | AY11: =SUM(AZ11:BW11) -> 7573.2088 | AZ11: 2662.058 | BA11: 803.942 | BB11: 65 | BD11: 12 | BE11: 110 | BF11: 15 | BG11: 81.43542 | BI11: 145.77 | BJ11: 397 | BK11: 15 | BL11: 5 | BM11: 130.046 | BN11: 39.274 | BO11: 9.739 | BP11: 36.581 | BQ11: 10.507 | BR11: 5 | BS11: 358.246 | BT11: 486 | BU11: 0 | BV11: 2185.6104 | BX11: 121.3 | BY11: 36.632 | CA11: 26.713 | CD11: 126.092 | CE11: 38.08 | CG11: 26.672 | CJ11: =CONCATENATE("1. Утвердить общий объем бюджетных ассигнований на предоставление: 1) иных межбюджетных трансфертов на осуществление переданных полномочий бюджету муниципального района на 2026 год в размере ",TEXT(BV11+BU11,"0 000,000")," тыс. рублей ежегодно.") -> 1. Утвердить общий объем бюджетных ассигнований на предоставление: 1) иных межбюджетных трансфертов на осуществление переданных полномочий бюджету муниципального района на 2026 год в размере 2 185,610 тыс. рублей ежегодно. | CK11: 2. Утвердить распределение межбюджетных трансфертов: 1) на 2026 год согласно приложению 8 к настоящему решению. | CL11: Иной межбюджетный трансферт бюджету Надтеречного муниципального района на осуществление полномочий по решению вопросов местного значения в сфере Культуры, переданных на основании соглашений | CO11: =(I11-V11)*0.15 -> 1102.0593 | CP11: =(W11-AJ11)*0.15 -> 1023.3629 | CQ11: =(AK11-AX11)*0.15 -> 1023.3629 | CR11: 667 | CS11: 23 от 14.11.2021 года | CT11: =J11*0.5 -> 524.55 | CU11: 251.25 | CV11: 259.5 | CW11: 0 | CX11: 0 | CY11: =VLOOKUP($CY$109,$B$3:$CV$14,10,FALSE) -> 300 | CZ11: Налог на доходы физических лиц с доходов, источником которых является налоговый агент, за исключением доходов, в отношении которых исчисление и уплата налога осуществляются в соответствии со статьями 227, 227 1 и 228 Налогового кодекса Российской Федерации, а также доходов от долевого участия в организации, полученных физическим лицом - налоговым резидентом Российской Федерации в виде дивидендов (в части суммы налога, не превышающей 650 тысяч рублей за налоговые периоды до 1 января 2025 года, а также в части суммы налога, не превышающей 312 тысяч рублей за налоговые периоды после 1 января 2025 года), а также налог на доходы физических лиц в отношении доходов от долевого участия в организации, полученных физическим лицом, не являющимся налоговым резидентом Российской Федерации, в виде дивидендов | DA11: 1 01 02010 01 0000 110 | DC11: =I11-AY11 -> 0 | DD11: =AK11-(AY11-BM11-BN11-BO11-BP11-BQ11-BW11+CD11+CE11+CF11+CG11+CH11+CI11) -> -524.64252 | DE11: =W11-(AY11-BM11-BN11-BO11-BP11-BQ11-BW11+BX11+BY11+BZ11+CA11+CB11+CC11) -> -524.64252
B12: Зебир-Юрт | C12: А-М.Х. Исраилов | D12: Зебир-Юрт | E12: ЗЕБИР-ЮРТОВСКОГО | H12: Зебир-Юртовского | I12: =J12+U12+V12 -> 7370.7763 | J12: =SUM(K12:T12)+CW12+CX12 -> 200.5 | K12: 75 | L12: 0 | M12: 0 | N12: 0 | O12: 0 | P12: 0.5 | Q12: 18 | R12: 27 | S12: 80 | T12: 0 | U12: 6944.1293 | V12: 226.147 | W12: =X12+AI12+AJ12 -> 5794.432 | X12: =SUM(Y12:AH12) -> 263.6 | Y12: 90 | Z12: 0 | AA12: 0 | AB12: 0 | AC12: 0 | AD12: 0.6 | AE12: 42 | AF12: 50 | AG12: 81 | AH12: 0 | AI12: 5346.187 | AJ12: 184.645 | AK12: =AL12+AW12+AX12 -> 5800.631 | AL12: =SUM(AM12:AV12) -> 278.8 | AM12: 100 | AN12: 0 | AO12: 0 | AP12: 0 | AQ12: 0 | AR12: 0.8 | AS12: 42 | AT12: 55 | AU12: 81 | AV12: 0 | AW12: 5330.987 | AX12: 190.844 | AY12: =SUM(AZ12:BW12) -> 7370.7763 | AZ12: 2324.808 | BA12: 702.092 | BB12: 65 | BD12: 12 | BE12: 70 | BF12: 15 | BH12: 120 | BI12: 162.77 | BJ12: 295 | BK12: 10 | BL12: 5 | BM12: 130.046 | BN12: 39.274 | BO12: 9.739 | BP12: 36.581 | BQ12: 10.507 | BR12: 5 | BS12: 139.947 | BT12: 486 | BU12: 0 | BV12: 2732.0123 | BX12: 121.3 | BY12: 36.632 | CA12: 26.713 | CD12: 126.092 | CE12: 38.08 | CG12: 26.672 | CJ12: =CONCATENATE("1. Утвердить общий объем бюджетных ассигнований на предоставление: 1) иных межбюджетных трансфертов на осуществление переданных полномочий бюджету муниципального района на 2026 год в размере ",TEXT(BV12+BU12,"0 000,000")," тыс. рублей ежегодно.") -> 1. Утвердить общий объем бюджетных ассигнований на предоставление: 1) иных межбюджетных трансфертов на осуществление переданных полномочий бюджету муниципального района на 2026 год в размере 2 732,012 тыс. рублей ежегодно. | CK12: 2. Утвердить распределение межбюджетных трансфертов: 1) на 2026 год согласно приложению 8 к настоящему решению. | CL12: Иной межбюджетный трансферт бюджету Надтеречного муниципального района на осуществление полномочий по решению вопросов местного значения в сфере Культуры, переданных на основании соглашений | CO12: =(I12-V12)*0.15 -> 1071.6944 | CP12: =(W12-AJ12)*0.15 -> 841.46805 | CQ12: =(AK12-AX12)*0.15 -> 841.46805 | CR12: 668 | CS12: 23 от 14.11.2021 года | CT12: =J12*0.5 -> 100.25 | CU12: 138.58 | CV12: 146.63 | CW12: 0 | CX12: 0 | CY12: =VLOOKUP($CY$109,$B$3:$CV$14,11,FALSE) -> 0 | CZ12: Налог на доходы физических лиц с доходов, полученных от осуществления деятельности физическими лицами, зарегистрированными в качестве индивидуальных предпринимателей, нотариусов, занимающихся частной практикой, адвокатов, учредивших адвокатские кабинеты, и других лиц, занимающихся частной практикой в соответствии со статьей 227 Налогового кодекса Российской Федерации (в части суммы налога, не превышающей 650 тысяч рублей за налоговые периоды до 1 января 2025 года, а также в части суммы налога, не превышающей 312 тысяч рублей за налоговые периоды после 1 января 2025 года) | DA12: 1 01 02020 01 0000 110 | DC12: =I12-AY12 -> 0 | DD12: =AK12-(AY12-BM12-BN12-BO12-BP12-BQ12-BW12+CD12+CE12+CF12+CG12+CH12+CI12) -> -1534.8423 | DE12: =W12-(AY12-BM12-BN12-BO12-BP12-BQ12-BW12+BX12+BY12+BZ12+CA12+CB12+CC12) -> -1534.8423
B13: Калаус | C13: А.Х. Гайрабеков | D13: Калаус | E13: КАЛАУССКОГО | H13: Калаусского | I13: =J13+U13+V13 -> 7338.8461 | J13: =SUM(K13:T13)+CW13+CX13 -> 433.7 | K13: 75 | L13: 0 | M13: 0.7 | N13: 0 | O13: 0 | P13: 1 | Q13: 48 | R13: 159 | S13: 150 | T13: 0 | U13: 6678.9991 | V13: 226.147 | W13: =X13+AI13+AJ13 -> 6771.755 | X13: =SUM(Y13:AH13) -> 319.82 | Y13: 80 | Z13: 0 | AA13: 0.72 | AB13: 0 | AC13: 0 | AD13: 1.1 | AE13: 115 | AF13: 52 | AG13: 71 | AH13: 0 | AI13: 6267.29 | AJ13: 184.645 | AK13: =AL13+AW13+AX13 -> 6777.954 | AL13: =SUM(AM13:AV13) -> 349.24 | AM13: 100 | AN13: 0 | AO13: 0.74 | AP13: 0 | AQ13: 0 | AR13: 1.5 | AS13: 115 | AT13: 57 | AU13: 75 | AV13: 0 | AW13: 6237.87 | AX13: 190.844 | AY13: =SUM(AZ13:BW13) -> 7338.8461 | AZ13: 2669.048 | BA13: 806.052 | BB13: 65 | BD13: 12 | BE13: 95 | BF13: 15 | BH13: 300 | BI13: 160 | BJ13: 102.77 | BK13: 10 | BL13: 5 | BM13: 130.046 | BN13: 39.274 | BO13: 9.739 | BP13: 36.581 | BQ13: 10.507 | BR13: 5 | BS13: 196.247 | BT13: 486 | BU13: 0 | BV13: 2185.5821 | BX13: 121.3 | BY13: 36.632 | CA13: 26.713 | CD13: 126.092 | CE13: 38.08 | CG13: 26.672 | CJ13: =CONCATENATE("1. Утвердить общий объем бюджетных ассигнований на предоставление: 1) иных межбюджетных трансфертов на осуществление переданных полномочий бюджету муниципального района на 2026 год в размере ",TEXT(BV13+BU13,"0 000,000")," тыс. рублей ежегодно.") -> 1. Утвердить общий объем бюджетных ассигнований на предоставление: 1) иных межбюджетных трансфертов на осуществление переданных полномочий бюджету муниципального района на 2026 год в размере 2 185,582 тыс. рублей ежегодно. | CK13: 2. Утвердить распределение межбюджетных трансфертов: 1) на 2026 год согласно приложению 8 к настоящему решению. | CL13: Иной межбюджетный трансферт бюджету Надтеречного муниципального района на осуществление полномочий по решению вопросов местного значения в сфере Культуры, переданных на основании соглашений | CO13: =(I13-V13)*0.15 -> 1066.9049 | CP13: =(W13-AJ13)*0.15 -> 988.0665 | CQ13: =(AK13-AX13)*0.15 -> 988.0665 | CR13: 669 | CS13: 20 от 14.11.2021 | CT13: =J13*0.5 -> 216.85 | CU13: 127.05 | CV13: 144.3 | CW13: 0 | CX13: 0 | CY13: =VLOOKUP($CY$109,$B$3:$CV$14,12,FALSE) -> 22.2 | CZ13: Налог на доходы физических лиц с доходов, полученных физическими лицами в соответствии со статьей 228 Налогового кодекса Российской Федерации (за исключением доходов от долевого участия в организации, полученных физическим лицом - налоговым резидентом Российской Федерации в виде дивидендов) (в части суммы налога, не превышающей 650 тысяч рублей за налоговые периоды до 1 января 2025 года, а также в части суммы налога, не превышающей 312 тысяч рублей за налоговые периоды после 1 января 2025 года) | DA13: 1 01 02030 01 0000 110 | DC13: =I13-AY13 -> 0 | DD13: =AK13-(AY13-BM13-BN13-BO13-BP13-BQ13-BW13+CD13+CE13+CF13+CG13+CH13+CI13) -> -525.58907 | DE13: =W13-(AY13-BM13-BN13-BO13-BP13-BQ13-BW13+BX13+BY13+BZ13+CA13+CB13+CC13) -> -525.58907
B14: Комарово | C14: У.Ю. Дельбиев | D14: Комарово | E14: КОМАРОВСКОГО | H14: Комаровского | I14: =J14+U14+V14 -> 8392.7591 | J14: =SUM(K14:T14)+CW14+CX14 -> 549.1 | K14: 100 | L14: 2 | M14: 2 | N14: 0.1 | O14: 0 | P14: 60 | Q14: 250 | R14: 5 | S14: 130 | T14: 0 | U14: 7617.5121 | V14: 226.147 | W14: =X14+AI14+AJ14 -> 7759.082 | X14: =SUM(Y14:AH14) -> 517.77 | Y14: 100 | Z14: 0.15 | AA14: 0.42 | AB14: 0.2 | AC14: 0 | AD14: 0 | AE14: 280 | AF14: 6 | AG14: 131 | AH14: 0 | AI14: 7056.667 | AJ14: 184.645 | AK14: =AL14+AW14+AX14 -> 7765.281 | AL14: =SUM(AM14:AV14) -> 566.03 | AM14: 120 | AN14: 0.2 | AO14: 0.43 | AP14: 0.4 | AQ14: 0 | AR14: 0 | AS14: 300 | AT14: 9 | AU14: 136 | AV14: 0 | AW14: 7008.407 | AX14: 190.844 | AY14: =SUM(AZ14:BW14) -> 8392.7591 | AZ14: 2669.048 | BA14: 806.052 | BB14: 65 | BD14: 12 | BE14: 1 | BF14: 15 | BI14: 261.65 | BJ14: 394 | BK14: 10 | BL14: 5 | BM14: 130.046 | BN14: 39.274 | BO14: 9.739 | BP14: 36.581 | BQ14: 10.507 | BR14: 5 | BS14: 158.447 | BT14: 0 | BU14: 486 | BV14: 3278.4151 | BX14: 121.3 | BY14: 36.632 | CA14: 26.713 | CD14: 126.092 | CE14: 38.08 | CG14: 26.672 | CJ14: =CONCATENATE("1. Утвердить общий объем бюджетных ассигнований на предоставление: 1) иных межбюджетных трансфертов на осуществление переданных полномочий бюджету муниципального района на 2026 год в размере ",TEXT(BV14+BU14,"0 000,000")," тыс. рублей ежегодно.") -> 1. Утвердить общий объем бюджетных ассигнований на предоставление: 1) иных межбюджетных трансфертов на осуществление переданных полномочий бюджету муниципального района на 2026 год в размере 3 764,415 тыс. рублей ежегодно. | CK14: 2. Утвердить распределение межбюджетных трансфертов: 1) на 2026 год согласно приложению 8 к настоящему решению. | CL14: Иной межбюджетный трансферт бюджету Надтеречного муниципального района на осуществление полномочий по решению вопросов местного значения в сфере Культуры, переданных на основании соглашений | CM14: Иной межбюджетный трансферт бюджету Надтеречного муниципального района на осуществление полномочий по решению вопросов местного значения в сфере Благоустройства, переданных на основании соглашений | CO14: =(I14-V14)*0.15 -> 1224.9918 | CP14: =(W14-AJ14)*0.15 -> 1136.1655 | CQ14: =(AK14-AX14)*0.15 -> 1136.1655 | CR14: 670 | CS14: 20 от 14.11.2021 | CT14: =J14*0.5 -> 274.55 | CU14: 297.5 | CV14: 0 | CW14: 0 | CX14: 0 | CY14: =VLOOKUP($CY$109,$B$3:$CV$14,13,FALSE) -> 600 | CZ14: Налог, взимаемый с налогоплательщиков, выбравших в качестве объекта налогообложения доходы | DA14: 1 05 01011 01 0000 110 | DC14: =I14-AY14 -> 0 | DD14: =AK14-(AY14-BM14-BN14-BO14-BP14-BQ14-BW14+CD14+CE14+CF14+CG14+CH14+CI14) -> -592.17509 | DE14: =W14-(AY14-BM14-BN14-BO14-BP14-BQ14-BW14+BX14+BY14+BZ14+CA14+CB14+CC14) -> -592.17509
C15: =VLOOKUP($CY$109,$B$3:$CV$14,2,FALSE) -> ?? | D15: =VLOOKUP($CY$109,$B$3:$CV$14,3,FALSE) -> Братское | E15: =VLOOKUP($CY$109,$B$3:$CV$14,4,FALSE) -> БРАТСКОГО | F15: =VLOOKUP($CY$109,$B$3:$CV$14,5,FALSE) -> ?? | G15: =VLOOKUP($CY$109,$B$3:$CV$14,6,FALSE) -> ?? | H15: =VLOOKUP($CY$109,$B$3:$CV$14,7,FALSE) -> Братского | I15: =VLOOKUP($CY$109,$B$3:$CV$14,8,FALSE) -> 9589.2658 | J15: =VLOOKUP($CY$109,$B$3:$CV$14,9,FALSE) -> 2472.8 | K15: =VLOOKUP($CY$109,$B$3:$CV$14,10,FALSE) -> 300 | L15: =VLOOKUP($CY$109,$B$3:$CV$14,10,FALSE) -> 300 | M15: =VLOOKUP($CY$109,$B$3:$CV$14,10,FALSE) -> 300 | N15: =VLOOKUP($CY$109,$B$3:$CV$14,10,FALSE) -> 300 | O15: =VLOOKUP($CY$109,$B$3:$CV$14,10,FALSE) -> 300 | P15: =VLOOKUP($CY$109,$B$3:$CV$14,10,FALSE) -> 300 | Q15: =VLOOKUP($CY$109,$B$3:$CV$14,10,FALSE) -> 300 | R15: =VLOOKUP($CY$109,$B$3:$CV$14,10,FALSE) -> 300 | ... T15: =VLOOKUP($CY$109,$B$3:$CV$14,10,FALSE) -> 300 | U15: =VLOOKUP($CY$109,$B$3:$CV$14,20,FALSE) -> 6579.5298 | W15: =VLOOKUP($CY$109,$B$3:$CV$14,8,FALSE) -> 9589.2658 | X15: =VLOOKUP($CY$109,$B$3:$CV$14,9,FALSE) -> 2472.8 | BX15: =VLOOKUP($CY$109,$B$3:$CV$14,21,FALSE) -> 536.936 | BY15: =VLOOKUP($CY$109,$B$3:$CV$14,22,FALSE) -> 9019.0399 | BZ15: =VLOOKUP($CY$109,$B$3:$CV$14,23,FALSE) -> 2476.65 | CA15: =VLOOKUP($CY$109,$B$3:$CV$14,24,FALSE) -> 280 | CB15: =VLOOKUP($CY$109,$B$3:$CV$14,25,FALSE) -> 0.15 | CC15: =VLOOKUP($CY$109,$B$3:$CV$14,26,FALSE) -> 1.8 | CO15: =VLOOKUP($CY$109,$B$3:$CV$14,33,FALSE) -> 0 | CP15: =VLOOKUP($CY$109,$B$3:$CV$14,34,FALSE) -> 6095.3279 | CQ15: =VLOOKUP($CY$109,$B$3:$CV$14,35,FALSE) -> 447.062 | CR15: =VLOOKUP($CY$109,$B$3:$CV$14,36,FALSE) -> 9034.5469 | CS15: =VLOOKUP($CY$109,$B$3:$CV$14,37,FALSE) -> 2718.1 | CT15: =VLOOKUP($CY$109,$B$3:$CV$14,38,FALSE) -> 300 | CU15: =VLOOKUP($CY$109,$B$3:$CV$14,39,FALSE) -> 0.2 | CV15: =VLOOKUP($CY$109,$B$3:$CV$14,40,FALSE) -> 2 | CW15: =VLOOKUP($CY$109,$B$3:$CX$14,100,FALSE) -> 0 | CX15: =VLOOKUP($CY$109,$B$3:$CX$14,101,FALSE) -> 0 | CY15: =VLOOKUP($CY$109,$B$3:$CV$14,14,FALSE) -> 0.6 | CZ15: Налог, взимаемый с налогоплательщиков, выбравших в качестве объекта налогообложения доходы, уменьшенные на величину расходов (в том числе минимальный налог, зачисляемый в бюджеты субъектов Российской Федерации) | DA15: 1 05 01021 01 0000 110 | DC15: =I15-AY15 -> 9589.2658 | DE15: =W15-(AY15-BM15-BN15-BO15-BP15-BQ15+BX15+BY15+BZ15+CA15+CB15) -> -2723.5101
K16: Налог на доходы физических лиц с доходов, источником которых является налоговый агент, за исключением доходов, в отношении которых исчисление и уплата налога осуществляются в соответствии со статьями 227, 227.1 и 228 Налогового кодекса Российской Федерации | L16: Налог на доходы физических лиц с доходов, полученных от осуществления деятельности физическими лицами, зарегистрированными в качестве индивидуальных предпринимателей, нотариусов, занимающихся частной практикой, адвокатов, учредивших адвокатские кабинеты, и других лиц, занимающихся частной практикой в соответствии со статьей 227 Налогового кодекса Российской Федерации | M16: Налог на доходы физических лиц с доходов, полученных физическими лицами в соответствии со статьей 228 Налогового кодекса Российской Федерации | N16: Налог, взимаемый с налогоплательщиков, выбравших в качестве объекта налогообложения доходы | O16: Налог, взимаемый с налогоплательщиков, выбравших в качестве объекта налогообложения доходы, уменьшенные на величину расходов (в том числе минимальный налог, зачисляемый в бюджеты субъектов Российской Федерации) | P16: Единый сельскохозяйственный налог | Q16: Налог на имущество физических лиц, взимаемый по ставкам, применяемым к объектам налогообложения, расположенным в границах сельских поселений | R16: Земельный налог с организаций, обладающих земельным участком, расположенным в границах сельских поселений | S16: Земельный налог с физических лиц, обладающих земельным участком, расположенным в границах сельских поселений | T16: Доходы, получаемые в виде арендной платы, а также средства от продажи права на заключение договоров аренды за земли, находящиеся в собственности сельских поселений (за исключением земельных участков муниципальных бюджетных и автономных учреждений) | AY16: ВСЕГО РАСХОДЫ | AZ16: Фонд оплаты труда работников органов местного самоуправления | BA16: Фонд оплаты труда работников органов местного самоуправления | BB16: Оплата услуг связи | BC16: Оплата договоров гражданско-правового характера | BD16: Оплата коммунальных услуг | BE16: Оплата коммунальных услуг | BF16: Оплата услуг вневедомственной охраны | BG16: Уплата налога на имущество организаций | BH16: Оплата услуг по аренде имущества | BI16: Иные расходы | BJ16: Иные расходы | BK16: Иные расходы | BL16: Резервные фонды | BM16: ФОТ ВУС | BN16: ФОТ ВУС | BO16: ИКТ ВУС | BP16: ПРОЧИЕ ВУС | BQ16: КУ ВУС | BR16: ПОЖАРНАЯ БЕЗ | BS16: УЛИЧНОЕ | BT16: БЛАГОУСТРОЙСТВО | BU16: ИМБТ БЛ | BV16: РОК | BW16: СУБС РЕСП | CY16: =VLOOKUP($CY$109,$B$3:$CV$14,15,FALSE) -> 100 | CZ16: Единый сельскохозяйственный налог | DA16: 1 05 03010 01 0000 110
CY17: =VLOOKUP($CY$109,$B$3:$CV$14,16,FALSE) -> 800 | CZ17: Налог на имущество физических лиц, взимаемый по ставкам, применяемым к объектам налогообложения, расположенным в границах сельских поселений | DA17: 1 06 01030 10 0000 110
AA18: 1000 | CY18: =VLOOKUP($CY$109,$B$3:$CV$14,17,FALSE) -> 50 | CZ18: Земельный налог с организаций, обладающих земельным участком, расположенным в границах сельских поселений | DA18: 1 06 06033 10 0000 110
CY19: =VLOOKUP($CY$109,$B$3:$CV$14,18,FALSE) -> 600 | CZ19: Земельный налог с физических лиц, обладающих земельным участком, расположенным в границах сельских поселений | DA19: 1 06 06043 10 0000 110
I20: 8 | J20: 9 | K20: 10 | L20: 11 | M20: 12 | N20: 13 | O20: 14 | P20: 15 | Q20: 16 | R20: 17 | S20: 18 | T20: 19 | U20: 20 | V20: 21 | W20: 22 | X20: 23 | Y20: 24 | Z20: 25 | AA20: 26 | AB20: 27 | AC20: 28 | AD20: 29 | AE20: 30 | CY20: =VLOOKUP($CY$109,$B$3:$CV$14,19,FALSE) -> 0 | CZ20: Доходы, получаемые в виде арендной платы, а также средства от продажи права на заключение договоров аренды за земли, находящиеся в собственности сельских поселений (за исключением земельных участков муниципальных бюджетных и автономных учреждений) | DA20: 1 11 05025 10 0000 120
AN21: 1000 | BD21: =AZ7+BA7+BB7+BD7+BE7+BF7+BG7+BI7+BJ7+BK7+BL7+BR7+BS7+BU7+BV7+BW7 -> 16687.614 | CY21: =VLOOKUP($CY$109,$B$3:$CV$14,20,FALSE) -> 6579.5298 | CZ21: Доатция 2023
BD22: =AZ8+BA8+BB8+BD8+BE8+BF8+BG8+BI8+BJ8+BK8+BL8+BR8+BS8+BU8+BV8+BW8 -> 14030.361 | CY22: =VLOOKUP($CY$109,$B$3:$CV$14,21,FALSE) -> 536.936 | CZ22: Субвенция 2023
BD23: =AZ9+BA9+BB9+BD9+BE9+BF9+BG9+BI9+BJ9+BK9+BL9+BR9+BS9+BU9+BV9+BW9+BT9 -> 8691.6992 | CY23: =VLOOKUP($CY$109,$B$3:$CV$14,22,FALSE) -> 9019.0399 | CZ23: Доходы всего | DB23: 2024
BD24: =AZ10+BA10+BB10+BD10+BE10+BF10+BG10+BI10+BJ10+BK10+BL10+BR10+BS10+BU10+BV10+BW10+BT10 -> 10325.678 | CY24: =VLOOKUP($CY$109,$B$3:$CV$14,23,FALSE) -> 2476.65 | CZ24: Налоговые неналоговые
BD25: =AZ11+BA11+BB11+BD11+BE11+BF11+BG11+BI11+BJ11+BK11+BL11+BR11+BS11+BU11+BV11+BW11+BT11 -> 7347.0618 | CY25: =VLOOKUP($CY$109,$B$3:$CV$14,24,FALSE) -> 280 | CZ25: Налог на доходы физических лиц с доходов, источником которых является налоговый агент, за исключением доходов, в отношении которых исчисление и уплата налога осуществляются в соответствии со статьями 227, 227.1 и 228 Налогового кодекса Российской Федерации | DA25: 1 01 02010 01 0000 110
BD26: 51.50013 | CY26: =VLOOKUP($CY$109,$B$3:$CV$14,25,FALSE) -> 0.15 | CZ26: Налог на доходы физических лиц с доходов, полученных от осуществления деятельности физическими лицами, зарегистрированными в качестве индивидуальных предпринимателей, нотариусов, занимающихся частной практикой, адвокатов, учредивших адвокатские кабинеты, и других лиц, занимающихся частной практикой в соответствии со статьей 227 Налогового кодекса Российской Федерации | DA26: 1 01 02020 01 0000 110
CY27: =VLOOKUP($CY$109,$B$3:$CV$14,26,FALSE) -> 1.8 | CZ27: Налог на доходы физических лиц с доходов, полученных физическими лицами в соответствии со статьей 228 Налогового кодекса Российской Федерации | DA27: 1 01 02030 01 0000 110
CY28: =VLOOKUP($CY$109,$B$3:$CV$14,27,FALSE) -> 650 | CZ28: Налог, взимаемый с налогоплательщиков, выбравших в качестве объекта налогообложения доходы | DA28: 1 05 01011 01 0000 110
M29: 1000 | CY29: =VLOOKUP($CY$109,$B$3:$CV$14,28,FALSE) -> 0.7 | CZ29: Налог, взимаемый с налогоплательщиков, выбравших в качестве объекта налогообложения доходы, уменьшенные на величину расходов (в том числе минимальный налог, зачисляемый в бюджеты субъектов Российской Федерации) | DA29: 1 05 01021 01 0000 110
CY30: =VLOOKUP($CY$109,$B$3:$CV$14,29,FALSE) -> 110 | CZ30: Единый сельскохозяйственный налог | DA30: 1 05 03010 01 0000 110
CY31: =VLOOKUP($CY$109,$B$3:$CV$14,30,FALSE) -> 850 | CZ31: Налог на имущество физических лиц, взимаемый по ставкам, применяемым к объектам налогообложения, расположенным в границах сельских поселений | DA31: 1 06 01030 10 0000 110
CY32: =VLOOKUP($CY$109,$B$3:$CV$14,31,FALSE) -> 34 | CZ32: Земельный налог с организаций, обладающих земельным участком, расположенным в границах сельских поселений | DA32: 1 06 06033 10 0000 110
CY33: =VLOOKUP($CY$109,$B$3:$CV$14,32,FALSE) -> 550 | CZ33: Земельный налог с физических лиц, обладающих земельным участком, расположенным в границах сельских поселений | DA33: 1 06 06043 10 0000 110
CY34: =VLOOKUP($CY$109,$B$3:$CV$14,33,FALSE) -> 0 | CZ34: Доходы, получаемые в виде арендной платы, а также средства от продажи права на заключение договоров аренды за земли, находящиеся в собственности сельских поселений (за исключением земельных участков муниципальных бюджетных и автономных учреждений) | DA34: 1 11 05025 10 0000 120
CY35: =VLOOKUP($CY$109,$B$3:$CV$14,34,FALSE) -> 6095.3279 | CZ35: Доатция 2024
CY36: =VLOOKUP($CY$109,$B$3:$CV$14,35,FALSE) -> 447.062 | CZ36: Субвенция 2024
CY37: =VLOOKUP($CY$109,$B$3:$CV$14,36,FALSE) -> 9034.5469 | CZ37: Доходы всего | DB37: 2025
CY38: =VLOOKUP($CY$109,$B$3:$CV$14,37,FALSE) -> 2718.1 | CZ38: Налоговые неналоговые
CY39: =VLOOKUP($CY$109,$B$3:$CV$14,38,FALSE) -> 300 | CZ39: Налог на доходы физических лиц с доходов, источником которых является налоговый агент, за исключением доходов, в отношении которых исчисление и уплата налога осуществляются в соответствии со статьями 227, 227.1 и 228 Налогового кодекса Российской Федерации | DA39: 1 01 02010 01 0000 110
CY40: =VLOOKUP($CY$109,$B$3:$CV$14,39,FALSE) -> 0.2 | CZ40: Налог на доходы физических лиц с доходов, полученных от осуществления деятельности физическими лицами, зарегистрированными в качестве индивидуальных предпринимателей, нотариусов, занимающихся частной практикой, адвокатов, учредивших адвокатские кабинеты, и других лиц, занимающихся частной практикой в соответствии со статьей 227 Налогового кодекса Российской Федерации | DA40: 1 01 02020 01 0000 110
CY41: =VLOOKUP($CY$109,$B$3:$CV$14,40,FALSE) -> 2 | CZ41: Налог на доходы физических лиц с доходов, полученных физическими лицами в соответствии со статьей 228 Налогового кодекса Российской Федерации | DA41: 1 01 02030 01 0000 110
CY42: =VLOOKUP($CY$109,$B$3:$CV$14,41,FALSE) -> 750 | CZ42: Налог, взимаемый с налогоплательщиков, выбравших в качестве объекта налогообложения доходы | DA42: 1 05 01011 01 0000 110
CY43: =VLOOKUP($CY$109,$B$3:$CV$14,42,FALSE) -> 0.9 | CZ43: Налог, взимаемый с налогоплательщиков, выбравших в качестве объекта налогообложения доходы, уменьшенные на величину расходов (в том числе минимальный налог, зачисляемый в бюджеты субъектов Российской Федерации) | DA43: 1 05 01021 01 0000 110
CY44: =VLOOKUP($CY$109,$B$3:$CV$14,43,FALSE) -> 115 | CZ44: Единый сельскохозяйственный налог | DA44: 1 05 03010 01 0000 110
CY45: =VLOOKUP($CY$109,$B$3:$CV$14,44,FALSE) -> 900 | CZ45: Налог на имущество физических лиц, взимаемый по ставкам, применяемым к объектам налогообложения, расположенным в границах сельских поселений | DA45: 1 06 01030 10 0000 110
CY46: =VLOOKUP($CY$109,$B$3:$CV$14,45,FALSE) -> 50 | CZ46: Земельный налог с организаций, обладающих земельным участком, расположенным в границах сельских поселений | DA46: 1 06 06033 10 0000 110
CY47: =VLOOKUP($CY$109,$B$3:$CV$14,46,FALSE) -> 600 | CZ47: Земельный налог с физических лиц, обладающих земельным участком, расположенным в границах сельских поселений | DA47: 1 06 06043 10 0000 110
CY48: =VLOOKUP($CY$109,$B$3:$CV$14,47,FALSE) -> 0 | CZ48: Доходы, получаемые в виде арендной платы, а также средства от продажи права на заключение договоров аренды за земли, находящиеся в собственности сельских поселений (за исключением земельных участков муниципальных бюджетных и автономных учреждений) | DA48: 1 11 05025 10 0000 120
CY49: =VLOOKUP($CY$109,$B$3:$CV$14,48,FALSE) -> 5853.8779 | CZ49: Доатция 2025
CY50: =VLOOKUP($CY$109,$B$3:$CV$14,49,FALSE) -> 462.569 | CZ50: Субвенция 2025
CY51: =VLOOKUP($CY$109,$B$3:$CV$14,50,FALSE) -> 9589.2658 | CZ51: ВСЕГО РАСХОДЫ | DA51: ВСЕГО РАСХОДЫ | DB51: 2023
CY52: =VLOOKUP($CY$109,$B$3:$CV$14,51,FALSE) -> 3575.96 | CZ52: Фонд оплаты труда работников органов местного самоуправления | DA52: 0104 0020090011 121
CY53: =VLOOKUP($CY$109,$B$3:$CV$14,52,FALSE) -> 1079.94 | CZ53: Фонд оплаты труда работников органов местного самоуправления | DA53: 0104 0020090011 129
CY54: =VLOOKUP($CY$109,$B$3:$CV$14,53,FALSE) -> 65 | CZ54: Оплата услуг связи | DA54: 0104 0020090012 242
CY55: =VLOOKUP($CY$109,$B$3:$CV$14,54,FALSE) -> 0 | CZ55: Оплата договоров гражданско-правового характера | DA55: 0104 0020090013 242
CY56: =VLOOKUP($CY$109,$B$3:$CV$14,55,FALSE) -> 12 | CZ56: Оплата коммунальных услуг | DA56: 0104 0020090014 244
CY57: =VLOOKUP($CY$109,$B$3:$CV$14,56,FALSE) -> 90 | CZ57: Оплата коммунальных услуг | DA57: 0104 0020090014 247
CY58: =VLOOKUP($CY$109,$B$3:$CV$14,57,FALSE) -> 15 | CZ58: Оплата услуг вневедомственной охраны | DA58: 0104 0020090015 244
CY59: =VLOOKUP($CY$109,$B$3:$CV$14,58,FALSE) -> 85.55068 | CZ59: Уплата налога на имущество организаций | DA59: 0104 0020090016 851
CY60: =VLOOKUP($CY$109,$B$3:$CV$14,59,FALSE) -> 0 | CZ60: Оплата услуг по аренде имущества | DA60: 0104 0020090017 244
CY61: =VLOOKUP($CY$109,$B$3:$CV$14,60,FALSE) -> 231.65 | CZ61: Иные расходы | DA61: 0104 0020090019 242
CY62: =VLOOKUP($CY$109,$B$3:$CV$14,61,FALSE) -> 295 | CZ62: Иные расходы | DA62: 0104 0020090019 244
CY63: =VLOOKUP($CY$109,$B$3:$CV$14,62,FALSE) -> 50 | CZ63: Иные расходы | DA63: 0104 0020090019 853
CY64: =VLOOKUP($CY$109,$B$3:$CV$14,63,FALSE) -> 5 | CZ64: Резервные фонды | DA64: 0111 0700005020 870
CY65: =VLOOKUP($CY$109,$B$3:$CV$14,64,FALSE) -> 325.115 | CZ65: ФОТ ВУС | DA65: 0203 0010051181 121
CY66: =VLOOKUP($CY$109,$B$3:$CV$14,65,FALSE) -> 98.185 | CZ66: ФОТ ВУС | DA66: 0203 0010051181 129
CY67: =VLOOKUP($CY$109,$B$3:$CV$14,66,FALSE) -> 24.347 | CZ67: ИКТ ВУС | DA67: 0203 0010051189 242
CY68: =VLOOKUP($CY$109,$B$3:$CV$14,67,FALSE) -> 63.021 | CZ68: ПРОЧИЕ ВУС | DA68: 0203 0010051189 244
CY69: =VLOOKUP($CY$109,$B$3:$CV$14,68,FALSE) -> 26.268 | CZ69: КУ ВУС | DA69: 0203 0010051189 247
CY70: =VLOOKUP($CY$109,$B$3:$CV$14,69,FALSE) -> 5 | CZ70: ПОЖАРНАЯ БЕЗ | DA70: 0310 2180000000 244
CY71: =VLOOKUP($CY$109,$B$3:$CV$14,70,FALSE) -> 670.647 | CZ71: УЛИЧНОЕ | DA71: 0503 6000001000 247
CY72: =VLOOKUP($CY$109,$B$3:$CV$14,71,FALSE) -> 423 | CZ72: БЛАГОУСТРОЙСТВО | DA72: 0503 6000005000 244
CY73: =VLOOKUP($CY$109,$B$3:$CV$14,72,FALSE) -> 263 | CZ73: ИМБТ БЛ | DA73: 0503 6000005000 540
CY74: =VLOOKUP($CY$109,$B$3:$CV$14,73,FALSE) -> 2185.5821 | CZ74: РОК | DA74: 0801 5170007000 540
CY75: =VLOOKUP($CY$109,$B$3:$CV$14,74,FALSE) -> 0 | CZ75: СУБС РЕСП | DA75: 1403 5210006000 521
CY76: =VLOOKUP($CY$109,$B$3:$CV$14,75,FALSE) -> 303.235 | CZ76: ФОТ ВУС | DA76: 0203 0010051181 121 | DB76: 2024
CY77: =VLOOKUP($CY$109,$B$3:$CV$14,76,FALSE) -> 91.577 | CZ77: ФОТ ВУС | DA77: 0203 0010051181 129
CY78: =VLOOKUP($CY$109,$B$3:$CV$14,77,FALSE) -> 0 | CZ78: ИКТ ВУС | DA78: 0203 0010051189 242
CY79: =VLOOKUP($CY$109,$B$3:$CV$14,78,FALSE) -> 52.25 | CZ79: ПРОЧИЕ ВУС | DA79: 0203 0010051189 244
CY80: =VLOOKUP($CY$109,$B$3:$CV$14,79,FALSE) -> 0 | CZ80: КУ ВУС | DA80: 0203 0010051189 247
CY81: =VLOOKUP($CY$109,$B$3:$CV$14,80,FALSE) -> 0 | CZ81: СУБС РЕСП | DA81: 1403 5210006000 521
CY82: =VLOOKUP($CY$109,$B$3:$CV$14,81,FALSE) -> 315.226 | CZ82: ФОТ ВУС | DA82: 0203 0010051181 121 | DB82: 2025
CY83: =VLOOKUP($CY$109,$B$3:$CV$14,82,FALSE) -> 95.198 | CZ83: ФОТ ВУС | DA83: 0203 0010051181 129
CY84: =VLOOKUP($CY$109,$B$3:$CV$14,83,FALSE) -> 0 | CZ84: ИКТ ВУС | DA84: 0203 0010051189 242
CY85: =VLOOKUP($CY$109,$B$3:$CV$14,84,FALSE) -> 52.145 | CZ85: ПРОЧИЕ ВУС | DA85: 0203 0010051189 244
CY86: =VLOOKUP($CY$109,$B$3:$CV$14,85,FALSE) -> 0 | CZ86: КУ ВУС | DA86: 0203 0010051189 247
CY87: =VLOOKUP($CY$109,$B$3:$CV$14,86,FALSE) -> 0 | CZ87: СУБС РЕСП | DA87: 1403 5210006000 521
CY88: =(CY23-CY36)*0.025 -> 214.29945 | CZ88: Усл. Утв. Расходы | DA88: 2024
CY89: =(CY37-CY50)*0.05 -> 428.59889 | CZ89: Усл. Утв. Расходы | DA89: 2025
CY90: =VLOOKUP($CY$109,$B$3:$CV$14,87,FALSE) -> 1. Утвердить общий объем бюджетных ассигнований на предоставление: 1) иных межбюджетных трансфертов на осуществление переданных полномочий бюджету муниципального района на 2026 год в размере 2 448,582 тыс. рублей ежегодно.
CY91: =VLOOKUP($CY$109,$B$3:$CV$14,88,FALSE) -> 2. Утвердить распределение межбюджетных трансфертов: 1) на 2026 год согласно приложению 8 к настоящему решению.
CY92: =VLOOKUP($CY$109,$B$3:$CV$14,92,FALSE) -> 1357.8495 | CZ92: Пред на обслуж МД 2023
CY93: =VLOOKUP($CY$109,$B$3:$CV$14,93,FALSE) -> 1285.7967 | CZ93: Пред на обслуж МД 2024
CY94: =VLOOKUP($CY$109,$B$3:$CV$14,94,FALSE) -> 1285.7967 | CZ94: Пред на обслуж МД 2025
CY95: =VLOOKUP($CY$109,$B$3:$CV$14,95,FALSE) -> 660 | CZ95: КОД ГРБС
CY96: =VLOOKUP($CY$109,$B$3:$CV$14,89,FALSE) -> Иной межбюджетный трансферт бюджету Надтеречного муниципального района на осуществление полномочий по решению вопросов местного значения в сфере Культуры, переданных на основании соглашений | CZ96: ИМБТ РОК
CY97: =VLOOKUP($CY$109,$B$3:$CV$14,90,FALSE) -> 0 | CZ97: ИМБ Бл
CY98: =VLOOKUP($CY$109,$B$3:$CV$14,91,FALSE) | CZ98: Субс Респ
CY99: =VLOOKUP($CY$109,$B$3:$CX$14,100,FALSE) -> 0 | CZ99: Налог на доходы физических лиц в части суммы налога, превышающей 650 000 рублей, относящейся к части налоговой базы, превышающей 5 000 000 рублей (за исключением налога на доходы физических лиц с сумм прибыли контролируемой иностранной компании, в том числе фиксированной прибыли контролируемой иностранной компании, а также налога на доходы физических лиц в отношении доходов от долевого участия в организации, полученных физическим лицом - налоговым резидентом Российской Федерации в виде дивидендов) за налоговые периоды до 1 января 2025 года, а также налог на доходы физических лиц в части суммы налога, превышающей 312 тысяч рублей, относящейся к части налоговой базы, превышающей 2,4 миллиона рублей и составляющей не более 5 миллионов рублей (за исключением налога на доходы физических лиц в отношении доходов, указанных в абзаце тридцать девятом статьи 50 Бюджетного кодекса Российской Федерации, налога на доходы физических лиц в части суммы налога, превышающей 312 тысяч рублей, относящейся к сумме налоговых баз, указанных в пункте 6 статьи 210 Налогового кодекса Российской Федерации, превышающей 2,4 миллиона рублей (за исключением налога на доходы физических лиц в отношении доходов, указанных в абзацах тридцать пятом и тридцать шестом статьи 50 Бюджетного кодекса Российской Федерации), а также налога на доходы физических лиц в отношении доходов физических лиц, не являющихся налоговыми резидентами Российской Федерации, указанных в абзаце девятом пункта 3 статьи 224 Налогового кодекса Российской Федерации, в части суммы налога, превышающей 312 тысяч рублей, относящейся к части налоговой базы, превышающей 2,4 миллиона рублей) за налоговые периоды после 1 января 2025 года | DA99: 1 01 02080 01 0000 110
CY100: =VLOOKUP($CY$109,$B$3:$CX$14,101,FALSE) -> 0 | CZ100: Налог на доходы физических лиц в отношении доходов от долевого участия в организации, полученных физическим лицом - налоговым резидентом Российской Федерации в виде дивидендов (в части суммы налога, не превышающей 650 тысяч рублей за налоговые периоды до 1 января 2025 года, а также в части суммы налога, не превышающей 312 тысяч рублей за налоговые периоды после 1 января 2025 года) | DA100: 1 01 02130 01 0000 110
...

Sheet Решение
F5: СОВЕТ ДЕПУТАТОВ
F6: =CONCATENATE('Выбор поселения'!CY5," СЕЛЬСКОГО ПОСЕЛЕНИЯ") -> БРАТСКОГО СЕЛЬСКОГО ПОСЕЛЕНИЯ
F7: НАДТЕРЕЧНОГО МУНИЦИПАЛЬНОГО РАЙОНА
F9: =CONCATENATE("ЧР, Надтеречный район, с.",'Выбор поселения'!CY4) -> ЧР, Надтеречный район, с.Братское
F12: =CONCATENATE("Решение № ",'Выбор поселения'!CY6) -> Решение № 15
B14: =CONCATENATE("от « ",'Выбор поселения'!CY7," » декабря 2025 г.") -> от « 30 » декабря 2025 г. | J14: =CONCATENATE("с.",'Выбор поселения'!CY4) -> с.Братское
A17: =CONCATENATE("«О бюджете ",'Выбор поселения'!CY8," сельского поселения на 2026 год»") -> «О бюджете Братского сельского поселения на 2026 год»
A19: =CONCATENATE("Статья 1. Основные характеристики бюджета сельского поселения на 2026 год.") -> Статья 1. Основные характеристики бюджета сельского поселения на 2026 год.
A20: =CONCATENATE(" 1. Утвердить основные характеристики бюджета ",'Выбор поселения'!CY8," сельского поселения на 2026 год, определенные исходя из прогнозируемого уровня инфляции, не превышающего 4,0 процента (декабрь 2026 года к декабрю 2025 года):") -> 1. Утвердить основные характеристики бюджета Братского сельского поселения на 2026 год, определенные исходя из прогнозируемого уровня инфляции, не превышающего 4,0 процента (декабрь 2026 года к декабрю 2025 года):
A22: =CONCATENATE("1)прогнозируемый общий объем доходов бюджета сельского поселения в сумме 14 426,935 ", " тыс. рублей, в том числе безвозмездных и безвозвратных поступлений из районного бюджета 11 954,135", " тыс рублей, налоговых и неналоговых доходов ",TEXT('Выбор поселения'!CY10,"000,000")," тыс. рублей;") -> 1)прогнозируемый общий объем доходов бюджета сельского поселения в сумме 14 426,935 тыс. рублей, в том числе безвозмездных и безвозвратных поступлений из районного бюджета 11 954,135 тыс рублей, налоговых и неналоговых доходов 2472,800 тыс. рублей;
A23: =CONCATENATE("2)общий объем расходов бюджета сельского поселения в сумме 14 426,935"," тыс. рублей;") -> 2)общий объем расходов бюджета сельского поселения в сумме 14 426,935 тыс. рублей;
A24: =CONCATENATE("3)дефицит (профицит) бюджета сельского поселения в сумме 0 тыс. рублей.") -> 3)дефицит (профицит) бюджета сельского поселения в сумме 0 тыс. рублей.
A25: =CONCATENATE("Статья 2. Нормативы зачисления доходов в бюджет сельского поселения.") -> Статья 2. Нормативы зачисления доходов в бюджет сельского поселения.
A26: 1. Установить, что доходы бюджета сельского поселения на 2026 год формируются за счет федеральных налогов и сборов, в том числе предусмотренных специальными налоговыми режимами, региональных налогов и сборов и неналоговых доходов в соответствии с нормативами, установленными Бюджетным кодексом Российской Федерации, Федеральным законом «О федеральном бюджете на 2026 год и на плановый период 2027 и 2028 годов», законом Чеченской Республики «О республиканском бюджете на 2026 год и на плановый период 2027 и 2028 годов» с учетом нормативов отчислений в местные бюджеты, установленных законом Чеченской Республики от 19 ноября 2009 года № 63-РЗ «Об установлении нормативов отчислений в местные бюджеты от налогов, предусмотренных специальными налоговыми режимами, и региональных налогов, подлежащих зачислению в республиканский бюджет» и приложением 7 к настоящему решению.
A27: =CONCATENATE("Статья 3. Прогноз поступления доходов в бюджет сельского поселения.") -> Статья 3. Прогноз поступления доходов в бюджет сельского поселения.
A28: 1. Утвердить прогноз поступления доходов в бюджет сельского поселения на 2026 год согласно приложению 1 к настоящему решению.
A29: Статья 4. Бюджетные ассигнования бюджета сельского поселения на 2026 год
A30: 1. Утвердить ведомственную структуру расходов бюджета сельского поселения: 1) на 2026 год согласно приложению 2 к настоящему решению; 2. Утвердить распределение бюджетных ассигнований бюджета Сельского поселения по разделам, подразделам, целевым статьям (муниципальным программам и непрограммным направлениям деятельности), группам видов расходов классификации расходов бюджетов:
A31: 1) на 2026 год согласно приложению 3 к настоящему решению;
A32: 3. Утвердить общий объем бюджетных ассигнований на исполнение публичных нормативных обязательств на 2026 год в сумме 0 тыс. рублей. 4. Утвердить в составе бюджетных ассигнований бюджета сельского поселения на 2026 год бюджетные ассигнования резервного фонда Администрации сельского поселения в сумме 5,000 тыс. рублей.
A33: Статья 5. Межбюджетные трансферты бюджетам РФ на 2026 год
A34: 1. Утвердить общий объем бюджетных ассигнований на предоставление: 1) иных межбюджетных трансфертов на осуществление переданных полномочий бюджету муниципального района на 2026 год в размере 7 286,251 тыс. рублей ежегодно.
A35: =CONCATENATE(" ",'Выбор поселения'!CY91) -> 2. Утвердить распределение межбюджетных трансфертов: 1) на 2026 год согласно приложению 8 к настоящему решению.
A36: Статья 6. Бюджетные кредиты из районного бюджета
A37: 1. Установить, что Администрация сельского поселения в 2026 году вправе привлекать из районного бюджета бюджетные кредиты в соответствии с заключенным соглашением между Финансовым управление Надтеречного муниципального района и Администрацией сельского поселения.
A38: 2. Установить, что бюджетные кредиты бюджету сельского поселения предоставляются из районного бюджета в пределах общего объема бюджетных ассигнований на указанные цели, предусмотренных Программой муниципальных внутренних заимствований сельского поселения на 2026 год: 1) для частичного покрытия дефицитов бюджета сельского поселения на срок до трех лет;
A39: 2) для покрытия временных кассовых разрывов, возникающих при исполнении бюджета сельского поселения, на срок до одного года. 3. Установить, что Администрация сельского поселения является уполномоченным органом сельского поселения по привлечению от имени сельского поселения из районного бюджета бюджетных кредитов.
A40: Статья 7. Муниципальные внутренние заимствования сельского поселения, муниципальный внутренний долг сельского поселения в 2026 году
A41: 1. Утвердить Программу муниципальных внутренних заимствований сельского поселения согласно приложению 4 к настоящему решению: 1) на 2026 год к настоящему решению. 2. Утвердить Программу муниципальных гарантий сельского поселения согласно приложению 5 к настоящему решению: 1) на 2026 год.
A42: =CONCATENATE(" 3. Утвердить предельный объем расходов на обслуживание муниципального внутреннего долга сельского поселения:1) на 2026 год в сумме ",TEXT('Выбор поселения'!CY92,"000,000")," тыс. рублей.") -> 3. Утвердить предельный объем расходов на обслуживание муниципального внутреннего долга сельского поселения:1) на 2026 год в сумме 1357,849 тыс. рублей.
A43: 4. Утвердить объем расходов на обслуживание муниципального внутреннего долга сельского поселения: 1) на 2026 год в сумме 0 тыс. рублей;
A44: 5. Утвердить верхний предел муниципального внутреннего долга сельского поселения: 1) на 1 января 2027 года в сумме 0 тыс. рублей, в том числе верхний предел долга по муниципальным гарантиям сельского поселения в сумме 0 тыс. рублей.
A45: Статья 8. Особенности исполнения бюджета сельского поселения в 2026 году
A46: 1. Установить, что акты Главы сельского поселения и Главы Администрации сельского поселения, принятые после вступления в силу настоящего решения и влекущие дополнительные расходы, не предусмотренные настоящим решением, должны предусматривать источник их финансирования.
A47: 2. Установить, что в соответствии с пунктом 8 статьи 217 Бюджетного кодекса Российской Федерации и решением Совета депутатов сельского поселения Об утверждении Положения о бюджетном устройстве и бюджетном процессе дополнительными основаниями для внесения в 2026 году изменений в показатели сводной бюджетной росписи бюджета сельского поселения являются:
A48: 1) перераспределение бюджетных ассигнований при изменении кодов классификации расходов бюджетов; 2) перераспределение бюджетных ассигнований в целях финансового обеспечения расходных обязательств, софинансируемых из бюджетов бюджетной системы Российской Федерации и иных источников.
A49: 3. Установить, что остатки средств бюджета сельского поселения на начало текущего финансового года, за исключением остатков неиспользованных межбюджетных трансфертов, предоставленных бюджету сельского поселения в форме субсидий, субвенций и иных межбюджетных трансфертов, имеющих целевое назначение, в объеме до 100 процентов могут направляться на покрытие временных кассовых разрывов, возникающих при исполнении бюджета сельского поселения.
A50: 4. Администрация сельского поселения вправе определить перечень расходов бюджета сельского поселения, подлежащих первоочередному финансированию в 2026 году.
A51: 5. Администрация сельского поселения вправе установить ограничения на доведение до главных распорядителей средств бюджета сельского поселения лимитов бюджетных обязательств по расходам, за исключением расходов, включенных в перечень, предусмотренный пунктом 4 настоящей статьи, а также расходов, источником финансового обеспечения которых являются субсидии, субвенции и иные межбюджетные трансферты, имеющие целевое назначение, из бюджетов бюджетной системы Российской Федерации и бюджетные ассигнования дорожного фонда сельского поселения.
A52: 6. Установить, что средства, зачисленные в бюджет сельского поселения от уплаты неналоговых платежей, предусмотренных пунктом 1 статьи 16.6, пунктом 1 статьи 75.1, пунктом 1 статьи 78.2 Федерального закона от 10 января 2002 года № 7-ФЗ «Об охране окружающей среды», направляются на выявление и оценку объектов накопленного вреда окружающей среде и (или) организацию работ по ликвидации накопленного вреда окружающей среде в случае наличия на территории сельского поселения объектов накопленного вреда окружающей среде,
A53: а в случае их отсутствия - на иные мероприятия по предотвращению и (или) снижению негативного воздействия хозяйственной и иной деятельности на окружающую среду, сохранению и восстановлению природной среды, рациональному использованию и воспроизводству природных ресурсов, обеспечению экологической безопасности в соответствии с планом мероприятий, утвержденным уполномоченным органом государственной власти Чеченской Республики по согласованию с уполномоченным федеральным органом исполнительной власти.
A54: Статья 9. Источники финансирования дефицита бюджета сельского поселения
... A62: Глава
A63: ='Выбор поселения'!CY8 -> Братского
A64: сельского поселения | H64: ='Выбор поселения'!CY3 -> А.А. Умаров

Sheet П.1
C1: Приложение 1
C2: к решению Совета депутатов Братского сельского поселения
C3: О бюджете Братского сельского поселения на 2026 год
C4: от « 30 » декабря 2025 г. № 15
C5: В ред.Реш.№3-8 от 02.11.2026г.
A9: Поступление доходов в бюджет сельского поселения на 2026 год
C11: Ед. изм.: тыс.руб.
A12: Код бюджетной классификации РФ | B12: Наименование доходов | C12: Сумма на год
A13: 1 | B13: 2 | C13: 3
A14: 1 00 00000 00 0000 000 | B14: НАЛОГОВЫЕ И НЕНАЛОГОВЫЕ ДОХОДЫ | C14: =2472.8+22.45843 -> 2495.2584
A15: Налоговые доходы | C15: =2472.8+22.45843 -> 2495.2584
A16: 1 01 02010 01 0000 110 | B16: ='Выбор поселения'!CZ11 -> Налог на доходы физических лиц с доходов, источником которых является налоговый агент, за исключением доходов, в отношении которых исчисление и уплата налога осуществляются в соответствии со статьями 227, 227 1 и 228 Налогового кодекса Российской Федерации, а также доходов от долевого участия в организации, полученных физическим лицом - налоговым резидентом Российской Федерации в виде дивидендов (в части суммы налога, не превышающей 650 тысяч рублей за налоговые периоды до 1 января 2025 года, а также в части суммы налога, не превышающей 312 тысяч рублей за налоговые периоды после 1 января 2025 года), а также налог на доходы физических лиц в отношении доходов от долевого участия в организации, полученных физическим лицом, не являющимся налоговым резидентом Российской Федерации, в виде дивидендов | C16: 300
A17: 1 01 02020 01 0000 110 | B17: ='Выбор поселения'!CZ12 -> Налог на доходы физических лиц с доходов, полученных от осуществления деятельности физическими лицами, зарегистрированными в качестве индивидуальных предпринимателей, нотариусов, занимающихся частной практикой, адвокатов, учредивших адвокатские кабинеты, и других лиц, занимающихся частной практикой в соответствии со статьей 227 Налогового кодекса Российской Федерации (в части суммы налога, не превышающей 650 тысяч рублей за налоговые периоды до 1 января 2025 года, а также в части суммы налога, не превышающей 312 тысяч рублей за налоговые периоды после 1 января 2025 года) | C17: 0
A18: 1 01 02030 01 0000 110 | B18: ='Выбор поселения'!CZ13 -> Налог на доходы физических лиц с доходов, полученных физическими лицами в соответствии со статьей 228 Налогового кодекса Российской Федерации (за исключением доходов от долевого участия в организации, полученных физическим лицом - налоговым резидентом Российской Федерации в виде дивидендов) (в части суммы налога, не превышающей 650 тысяч рублей за налоговые периоды до 1 января 2025 года, а также в части суммы налога, не превышающей 312 тысяч рублей за налоговые периоды после 1 января 2025 года) | C18: 22.2
A19: ='Выбор поселения'!DA99 -> 1 01 02080 01 0000 110 | B19: ='Выбор поселения'!CZ99 -> Налог на доходы физических лиц в части суммы налога, превышающей 650 000 рублей, относящейся к части налоговой базы, превышающей 5 000 000 рублей (за исключением налога на доходы физических лиц с сумм прибыли контролируемой иностранной компании, в том числе фиксированной прибыли контролируемой иностранной компании, а также налога на доходы физических лиц в отношении доходов от долевого участия в организации, полученных физическим лицом - налоговым резидентом Российской Федерации в виде дивидендов) за налоговые периоды до 1 января 2025 года, а также налог на доходы физических лиц в части суммы налога, превышающей 312 тысяч рублей, относящейся к части налоговой базы, превышающей 2,4 миллиона рублей и составляющей не более 5 миллионов рублей (за исключением налога на доходы физических лиц в отношении доходов, указанных в абзаце тридцать девятом статьи 50 Бюджетного кодекса Российской Федерации, налога на доходы физических лиц в части суммы налога, превышающей 312 тысяч рублей, относящейся к сумме налоговых баз, указанных в пункте 6 статьи 210 Налогового кодекса Российской Федерации, превышающей 2,4 миллиона рублей (за исключением налога на доходы физических лиц в отношении доходов, указанных в абзацах тридцать пятом и тридцать шестом статьи 50 Бюджетного кодекса Российской Федерации), а также налога на доходы физических лиц в отношении доходов физических лиц, не являющихся налоговыми резидентами Российской Федерации, указанных в абзаце девятом пункта 3 статьи 224 Налогового кодекса Российской Федерации, в части суммы налога, превышающей 312 тысяч рублей, относящейся к части налоговой базы, превышающей 2,4 миллиона рублей) за налоговые периоды после 1 января 2025 года | C19: 0
A20: ='Выбор поселения'!DA100 -> 1 01 02130 01 0000 110 | B20: ='Выбор поселения'!CZ100 -> Налог на доходы физических лиц в отношении доходов от долевого участия в организации, полученных физическим лицом - налоговым резидентом Российской Федерации в виде дивидендов (в части суммы налога, не превышающей 650 тысяч рублей за налоговые периоды до 1 января 2025 года, а также в части суммы налога, не превышающей 312 тысяч рублей за налоговые периоды после 1 января 2025 года) | C20: 0
A21: 1 05 01011 01 0000 110 | B21: Налог, взимаемый с налогоплательщиков, выбравших в качестве объекта налогообложения доходы | C21: 600
A22: 1 05 01021 01 0000 110 | B22: Налог, взимаемый с налогоплательщиков, выбравших в качестве объекта налогообложения доходы, уменьшенные на величину расходов (в том числе минимальный налог, зачисляемый в бюджеты субъектов Российской Федерации) | C22: 0.6
A23: 1 05 03010 01 0000 110 | B23: Единый сельскохозяйственный налог | C23: 100
A24: 1 06 01030 10 0000 110 | B24: Налог на имущество физических лиц, взимаемый по ставкам, применяемым к объектам налогообложения, расположенным в границах сельских поселений | C24: 800
A25: 1 06 06033 10 0000 110 | B25: Земельный налог с организаций, обладающих земельным участком, расположенным в границах сельских поселений | C25: 50
A26: 1 06 06043 10 0000 110 | B26: Земельный налог с физических лиц, обладающих земельным участком, расположенным в границах сельских поселений | C26: =600+22.45843 -> 622.45843
A27: Неналоговые доходы | C27: 0
A28: 1 11 05025 10 0000 120 | B28: Доходы, получаемые в виде арендной платы, а также средства от продажи права на заключение договоров аренды за земли, находящиеся в собственности сельских поселений (за исключением земельных участков муниципальных бюджетных и автономных учреждений) | C28: 0
A29: 2 00 00000 00 0000 000 | B29: БЕЗВОЗМЕЗДНЫЕ ПОСТУПЛЕНИЯ | C29: 14954.135
A30: 2 02 00000 00 0000 000 | B30: БЕЗВОЗМЕЗДНЫЕ ПОСТУПЛЕНИЯ ОТ ДРУГИХ БЮДЖЕТОВ БЮДЖЕТНОЙ СИСТЕМЫ РОССИЙСКОЙ ФЕДЕРАЦИИ | C30: 14954.135
A31: 2 02 10000 00 0000 150 | B31: Дотации бюджетам бюджетной системы Российской Федерации | C31: 6579.5298
A32: 2 02 15001 00 0000 150 | B32: Дотации на выравнивание бюджетной обеспеченности | C32: 6579.5298
A33: 2 02 15001 10 0000 150 | B33: Дотации бюджетам сельских поселений на выравнивание бюджетной обеспеченности из бюджета субъекта Российской Федерации | C33: 6579.5298
A34: 2 02 20000 10 0000 150 | B34: Субсидии от других бюджетов бюджетной системы РФ | C34: 4837.6688
A35: 2 02 25555 10 0000 150 | B35: Субсидии бюджетам сельских поселений на реализацию программ формирования современной городской среды | C35: 4837.6688
A36: 2 02 30000 00 0000 150 | B36: Субвенции бюджетам бюджетной системы Российской Федерации | C36: 536.936
A37: 2 02 35118 10 0000 150 | B37: Субвенции бюджетам сельских поселений на осуществление первичного воинского учета на территориях, где отсутствуют военные комиссариаты | C37: 536.936
A38: 2 02 49999 10 0000 150 | B38: Иные МБТ | C38: 3000
A39: ВСЕГО ДОХОДОВ | C39: =17426.9345240221+22.45843 -> 17449.393

Sheet П.2
G1: Приложение 2
G2: =CONCATENATE("к решению Совета депутатов ",'Выбор поселения'!CY8," сельского поселения") -> к решению Совета депутатов Братского сельского поселения
G3: =CONCATENATE("О бюджете ",'Выбор поселения'!CY8," сельского поселения на 2026 год") -> О бюджете Братского сельского поселения на 2026 год
G4: =CONCATENATE("от « ",'Выбор поселения'!CY7," » декабря 2025 г. № ",'Выбор поселения'!CY6) -> от « 30 » декабря 2025 г. № 15
E5: В ред.Реш.№3-8 от 02.11.2026г.
A7: Ведомственная структура расходов бюджета сельского поселения на 2026 год
G9: Ед. изм.: тыс.руб.
A10: Наименование | B10: Код ГРБС | C10: Код раздела | D10: Код подраздела | E10: Код целевой статьи | F10: Код вида расходов | G10: Сумма
A11: 1 | B11: 2 | C11: 3 | D11: 4 | E11: 5 | F11: 6 | G11: 7
A12: Администарция Братского сельского поселения | B12: 660 | G12: 17426.935
A13: ОБЩЕГОСУДАРСТВЕННЫЕ ВОПРОСЫ | B13: 660 | C13: 01 | G13: 5928.1007
A14: Функционирование Правительства Российской Федерации, высших исполнительных органов субъектов Российской Федерации, местных администраций | B14: 660 | C14: 01 | D14: 04 | G14: 5923.1007
A15: Центральный аппарат | B15: 660 | C15: 01 | D15: 04 | E15: 0020000000 | G15: 5923.1007
A16: ФОТ | B16: 660 | C16: 01 | D16: 04 | E16: 0020090011 | G16: 4655.9
A17: Фонд оплаты труда государственных (муниципальных) органов | B17: 660 | C17: 01 | D17: 04 | E17: 0020090011 | F17: 121 | G17: 3575.96
A18: Взносы по обязательному социальному страхованию на выплаты денежного содержания и иные выплаты работникам государственных (муниципальных) органов | B18: 660 | C18: 01 | D18: 04 | E18: 0020090011 | F18: 129 | G18: 1079.94
A19: Связь | B19: 660 | C19: 01 | D19: 04 | E19: 0020090012 | G19: 59.171
A20: Закупка товаров, работ и услуг в сфере информационно-коммуникационных технологий | B20: 660 | C20: 01 | D20: 04 | E20: 0020090012 | F20: 242 | G20: 59.171
A21: ГПХ | B21: 660 | C21: 01 | D21: 04 | E21: 0020090013 | G21: 305.792
A22: Прочая закупка товаров, работ и услуг | B22: 660 | C22: 01 | D22: 04 | E22: 0020090013 | F22: 244 | G22: 305.792
A23: Коммунальные услуги | B23: 660 | C23: 01 | D23: 04 | E23: 0020090014 | G23: 108
A24: Закупка энергетических ресурсов | B24: 660 | C24: 01 | D24: 04 | E24: 0020090014 | F24: 247 | G24: 108
A25: Охрана | B25: 660 | C25: 01 | D25: 04 | E25: 0020090015 | G25: 15
A26: Прочая закупка товаров, работ и услуг | B26: 660 | C26: 01 | D26: 04 | E26: 0020090015 | F26: 244 | G26: 15
A27: Уплата налога на имущество организаций | B27: 660 | C27: 01 | D27: 04 | E27: 0020090016 | G27: 215.55068
A28: Уплата налога на имущество организаций и земельного налога | B28: 660 | C28: 01 | D28: 04 | E28: 0020090016 | F28: 851 | G28: 215.55068
A29: Иные закупки товаров, работ и услуг для обеспечения государственных (муниципальных) нужд | B29: 660 | C29: 01 | D29: 04 | E29: 0020090019 | G29: 563.687
A30: Закупка товаров, работ и услуг в сфере информационно-коммуникационных технологий | B30: 660 | C30: 01 | D30: 04 | E30: 0020090019 | F30: 242 | G30: 250
A31: Прочая закупка товаров, работ и услуг | B31: 660 | C31: 01 | D31: 04 | E31: 0020090019 | F31: 244 | G31: 313.687
A32: Резервные фонды | B32: 660 | C32: 01 | D32: 11 | G32: 5
A33: Резервные фонды | B33: 660 | C33: 01 | D33: 11 | E33: 0700000000 | G33: 5
A34: Резервные фонды местной администрации | B34: 660 | C34: 01 | D34: 11 | E34: 0700005020 | G34: 5
A35: Резервные средства | B35: 660 | C35: 01 | D35: 11 | E35: 0700005020 | F35: 870 | G35: 5
A36: НАЦИОНАЛЬНАЯ ОБОРОНА | B36: 660 | C36: 02 | G36: 536.936
A37: Мобилизационная и вневойсковая подготовка | B37: 660 | C37: 02 | D37: 03 | G37: 536.936
A38: Осуществление первичного воинского учета на территориях, где отсутствуют военные комиссариаты | B38: 660 | C38: 02 | D38: 03 | E38: 0010000000 | G38: 536.936
A39: Оплата труда и начисления на выплаты по оплате труда | B39: 660 | C39: 02 | D39: 03 | E39: 0010051181 | G39: 423.3
A40: Фонд оплаты труда государственных (муниципальных) органов | B40: 660 | C40: 02 | D40: 03 | E40: 0010051181 | F40: 121 | G40: 325.115
A41: Взносы по обязательному социальному страхованию на выплаты денежного содержания и иные выплаты работникам государственных (муниципальных) органов | B41: 660 | C41: 02 | D41: 03 | E41: 0010051181 | F41: 129 | G41: 98.185
A42: Прочие закупки товаров, работ и услуг для муниципальных нужд | B42: 660 | C42: 02 | D42: 03 | E42: 0010051189 | G42: 113.636
A43: Закупка товаров, работ и услуг в сфере информационно-коммуникационных технологий | B43: 660 | C43: 02 | D43: 03 | E43: 0010051189 | F43: 242 | G43: 24.347
A44: Прочая закупка товаров, работ и услуг | B44: 660 | C44: 02 | D44: 03 | E44: 0010051189 | F44: 244 | G44: 63.021
A45: Закупка энергетических ресурсов | B45: 660 | C45: 02 | D45: 03 | E45: 0010051189 | F45: 247 | G45: 26.268
A46: НАЦИОНАЛЬНАЯ БЕЗОПАСНОСТЬ И ПРАВООХРАНИТЕЛЬНАЯ ДЕЯТЕЛЬНОСТЬ | B46: 660 | C46: 03 | G46: 5
A47: Защита населения и территории от чрезвычайных ситуаций природного и техногенного характера, пожарная безопасность | B47: 660 | C47: 03 | D47: 10 | G47: 5
A48: Мероприятия по предупреждению и ликвидации чрезвычайных ситуаций и стихийных бедствий природного и техногенного характера, противопожарные меры | B48: 660 | C48: 03 | D48: 10 | E48: 2180002000 | G48: 5
A49: Прочая закупка товаров, работ и услуг | B49: 660 | C49: 03 | D49: 10 | E49: 2180002000 | F49: 244 | G49: 5
A50: ЖИЛИЩНО-КОММУНАЛЬНОЕ ХОЗЯЙСТВО | B50: 660 | C50: 05 | G50: 8771.3158
A51: Благоустройство | B51: 660 | C51: 05 | D51: 03 | G51: 8771.3158
A52: Благоустройство | B52: 660 | C52: 05 | D52: 03 | E52: 6000000000 | G52: 8771.3158
A53: Уличное освещение | B53: 660 | C53: 05 | D53: 03 | E53: 6000001000 | G53: 670.647
A54: Закупка энергетических ресурсов | B54: 660 | C54: 05 | D54: 03 | E54: 6000001000 | F54: 247 | G54: =670.647+179.935517142857 -> 850.58252
A55: Прочие мероприятия по благоустройствугородских округов и поселений | B55: 660 | C55: 05 | D55: 03 | E55: 6000005000 | G55: 3263
A56: Прочая закупка товаров, работ и услуг | B56: 660 | C56: 05 | D56: 03 | E56: 6000005000 | F56: 244 | G56: 0
A57: Иные межбюджетные трансферты | B57: 660 | C57: 05 | D57: 03 | E57: 6000005000 | F57: 540 | G57: 3263
A58: Реализация программ формирования современной городской среды | B58: 660 | C58: 05 | D58: 03 | E58: 600И400000 | G58: 4837.6688
A59: Реализация программ формирования современной городской среды | B59: 660 | C59: 05 | D59: 03 | E59: 600И455550 | G59: 4837.6688
A60: Иные межбюджетные трансферты | B60: 660 | C60: 05 | D60: 03 | E60: 600И455550 | F60: 540 | G60: 4837.6688
A61: КУЛЬТУРА, КИНЕМАТОГРАФИЯ | B61: 660 | C61: 08 | G61: 2185.5821
A62: Культура | B62: 660 | C62: 08 | D62: 01 | G62: 2185.5821
A63: Иные межбюджетные трансферты на осуществление полномочий по решению вопросов местного значения из бюджетов поселений бюджету муниципального района, переданных на основании соглашений | B63: 660 | C63: 08 | D63: 01 | E63: 5170007000 | G63: 2185.5821
A64: Иные межбюджетные трансферты | B64: 660 | C64: 08 | D64: 01 | E64: 5170007000 | F64: 540 | G64: 2185.5821
A65: Итого: | G65: =17426.93452+179.935517142857 -> 17606.87

Sheet П.3
F1: Приложение 3
F2: =CONCATENATE("к решению Совета депутатов ",'Выбор поселения'!CY8," сельского поселения") -> к решению Совета депутатов Братского сельского поселения
F3: =CONCATENATE("О бюджете ",'Выбор поселения'!CY8," сельского поселения на 2026 год") -> О бюджете Братского сельского поселения на 2026 год
F4: =CONCATENATE("от « ",'Выбор поселения'!CY7," » декабря 2025 г. № ",'Выбор поселения'!CY6) -> от « 30 » декабря 2025 г. № 15
D5: В ред.Реш.№3-8 от 02.11.2026г.
A7: Объем и распределение бюджетных ассигнований бюджета сельского поселения по разделам, подразделам, целевым статьям, видам расходов классификации расходов бюджетов на 2026 год
F9: Ед. изм.: тыс.руб.
A10: Наименование | B10: Код раздела | C10: Код подраздела | D10: Код целевой статьи | E10: Код вида расходов | F10: Сумма
A11: 1 | B11: 3 | C11: 4 | D11: 5 | E11: 6 | F11: 7
A12: Администарция Братского сельского поселения | F12: 17426.935
A13: ОБЩЕГОСУДАРСТВЕННЫЕ ВОПРОСЫ | B13: 01 | F13: 5928.1007
A14: Функционирование Правительства Российской Федерации, высших исполнительных органов субъектов Российской Федерации, местных администраций | B14: 01 | C14: 04 | F14: 5923.1007
A15: Центральный аппарат | B15: 01 | C15: 04 | D15: 0020000000 | F15: 5923.1007
A16: ФОТ | B16: 01 | C16: 04 | D16: 0020090011 | F16: 4655.9
A17: Фонд оплаты труда государственных (муниципальных) органов | B17: 01 | C17: 04 | D17: 0020090011 | E17: 121 | F17: 3575.96
A18: Взносы по обязательному социальному страхованию на выплаты денежного содержания и иные выплаты работникам государственных (муниципальных) органов | B18: 01 | C18: 04 | D18: 0020090011 | E18: 129 | F18: 1079.94
A19: Связь | B19: 01 | C19: 04 | D19: 0020090012 | F19: 59.171
A20: Закупка товаров, работ и услуг в сфере информационно-коммуникационных технологий | B20: 01 | C20: 04 | D20: 0020090012 | E20: 242 | F20: 59.171
A21: ГПХ | B21: 01 | C21: 04 | D21: 0020090013 | F21: 305.792
A22: Прочая закупка товаров, работ и услуг | B22: 01 | C22: 04 | D22: 0020090013 | E22: 244 | F22: 305.792
A23: Коммунальные услуги | B23: 01 | C23: 04 | D23: 0020090014 | F23: 108
A24: Закупка энергетических ресурсов | B24: 01 | C24: 04 | D24: 0020090014 | E24: 247 | F24: 108
A25: Охрана | B25: 01 | C25: 04 | D25: 0020090015 | F25: 15
A26: Прочая закупка товаров, работ и услуг | B26: 01 | C26: 04 | D26: 0020090015 | E26: 244 | F26: 15
A27: Уплата налога на имущество организаций | B27: 01 | C27: 04 | D27: 0020090016 | F27: 215.55068
A28: Уплата налога на имущество организаций и земельного налога | B28: 01 | C28: 04 | D28: 0020090016 | E28: 851 | F28: 215.55068
A29: Иные закупки товаров, работ и услуг для обеспечения государственных (муниципальных) нужд | B29: 01 | C29: 04 | D29: 0020090019 | F29: 563.687
A30: Закупка товаров, работ и услуг в сфере информационно-коммуникационных технологий | B30: 01 | C30: 04 | D30: 0020090019 | E30: 242 | F30: 250
A31: Прочая закупка товаров, работ и услуг | B31: 01 | C31: 04 | D31: 0020090019 | E31: 244 | F31: 313.687
A32: Резервные фонды | B32: 01 | C32: 11 | F32: 5
A33: Резервные фонды | B33: 01 | C33: 11 | D33: 0700000000 | F33: 5
A34: Резервные фонды местной администрации | B34: 01 | C34: 11 | D34: 0700005020 | F34: 5
A35: Резервные средства | B35: 01 | C35: 11 | D35: 0700005020 | E35: 870 | F35: 5
A36: НАЦИОНАЛЬНАЯ ОБОРОНА | B36: 02 | F36: 536.936
A37: Мобилизационная и вневойсковая подготовка | B37: 02 | C37: 03 | F37: 536.936
A38: Осуществление первичного воинского учета на территориях, где отсутствуют военные комиссариаты | B38: 02 | C38: 03 | D38: 0010000000 | F38: 536.936
A39: Оплата труда и начисления на выплаты по оплате труда | B39: 02 | C39: 03 | D39: 0010051181 | F39: 423.3
A40: Фонд оплаты труда государственных (муниципальных) органов | B40: 02 | C40: 03 | D40: 0010051181 | E40: 121 | F40: 325.115
A41: Взносы по обязательному социальному страхованию на выплаты денежного содержания и иные выплаты работникам государственных (муниципальных) органов | B41: 02 | C41: 03 | D41: 0010051181 | E41: 129 | F41: 98.185
A42: Прочие закупки товаров, работ и услуг для муниципальных нужд | B42: 02 | C42: 03 | D42: 0010051189 | F42: 113.636
A43: Закупка товаров, работ и услуг в сфере информационно-коммуникационных технологий | B43: 02 | C43: 03 | D43: 0010051189 | E43: 242 | F43: 24.347
A44: Прочая закупка товаров, работ и услуг | B44: 02 | C44: 03 | D44: 0010051189 | E44: 244 | F44: 63.021
A45: Закупка энергетических ресурсов | B45: 02 | C45: 03 | D45: 0010051189 | E45: 247 | F45: 26.268
A46: НАЦИОНАЛЬНАЯ БЕЗОПАСНОСТЬ И ПРАВООХРАНИТЕЛЬНАЯ ДЕЯТЕЛЬНОСТЬ | B46: 03 | F46: 5
A47: Защита населения и территории от чрезвычайных ситуаций природного и техногенного характера, пожарная безопасность | B47: 03 | C47: 10 | F47: 5
A48: Мероприятия по предупреждению и ликвидации чрезвычайных ситуаций и стихийных бедствий природного и техногенного характера, противопожарные меры | B48: 03 | C48: 10 | D48: 2180002000 | F48: 5
A49: Прочая закупка товаров, работ и услуг | B49: 03 | C49: 10 | D49: 2180002000 | E49: 244 | F49: 5
A50: ЖИЛИЩНО-КОММУНАЛЬНОЕ ХОЗЯЙСТВО | B50: 05 | F50: 8771.3158
A51: Благоустройство | B51: 05 | C51: 03 | F51: 8771.3158
A52: Благоустройство | B52: 05 | C52: 03 | D52: 6000000000 | F52: 8771.3158
A53: Уличное освещение | B53: 05 | C53: 03 | D53: 6000001000 | F53: 670.647
A54: Закупка энергетических ресурсов | B54: 05 | C54: 03 | D54: 6000001000 | E54: 247 | F54: =670.647+179.935517142857 -> 850.58252
A55: Прочие мероприятия по благоустройствугородских округов и поселений | B55: 05 | C55: 03 | D55: 6000005000 | F55: 3263
A56: Прочая закупка товаров, работ и услуг | B56: 05 | C56: 03 | D56: 6000005000 | E56: 244 | F56: 0
A57: Иные межбюджетные трансферты | B57: 05 | C57: 03 | D57: 6000005000 | E57: 540 | F57: 3263
A58: Реализация программ формирования современной городской среды | B58: 05 | C58: 03 | D58: 600И400000 | F58: 4837.6688
A59: Реализация программ формирования современной городской среды | B59: 05 | C59: 03 | D59: 600И455550 | F59: 4837.6688
A60: Иные межбюджетные трансферты | B60: 05 | C60: 03 | D60: 600И455550 | E60: 540 | F60: 4837.6688
A61: КУЛЬТУРА, КИНЕМАТОГРАФИЯ | B61: 08 | F61: 2185.5821
A62: Культура | B62: 08 | C62: 01 | F62: 2185.5821
A63: Иные межбюджетные трансферты на осуществление полномочий по решению вопросов местного значения из бюджетов поселений бюджету муниципального района, переданных на основании соглашений | B63: 08 | C63: 01 | D63: 5170007000 | F63: 2185.5821
A64: Иные межбюджетные трансферты | B64: 08 | C64: 01 | D64: 5170007000 | E64: 540 | F64: 2185.5821
A65: Итого: | F65: =17426.93452+179.935517142857 -> 17606.87

Sheet П.4
C1: Приложение 4
C2: =CONCATENATE("к решению Совета депутатов ",'Выбор поселения'!CY8," сельского поселения") -> к решению Совета депутатов Братского сельского поселения
C3: =CONCATENATE("О бюджете ",'Выбор поселения'!CY8," сельского поселения на 2026 год") -> О бюджете Братского сельского поселения на 2026 год
C4: =CONCATENATE("от « ",'Выбор поселения'!CY7," » декабря 2025 г. № ",'Выбор поселения'!CY6) -> от « 30 » декабря 2025 г. № 15
A7: Программа муниципальных внутренних заимствований бюджета бюджета сельского поселения на 2026 год
C9: Ед. изм.: тыс.руб.
A10: Муниципальные внутренние заимствования | B10: Привлечение | C10: Погашение
A11: 1 | B11: 2 | C11: 3
A12: Бюджетные кредиты от других бюджетов бюджетной системы Российской Федерации, всего | B12: 0 | C12: 0
A13: в том числе:
A14: бюджетные кредиты из республиканского бюджета | B14: 0 | C14: 0
A15: Итого | B15: 0 | C15: 0

Sheet П.5
G1: Приложение 5
G2: =CONCATENATE("к решению Совета депутатов ",'Выбор поселения'!CY8," сельского поселения") -> к решению Совета депутатов Братского сельского поселения
G3: =CONCATENATE("О бюджете ",'Выбор поселения'!CY8," сельского поселения на 2026 год") -> О бюджете Братского сельского поселения на 2026 год
G4: =CONCATENATE("от « ",'Выбор поселения'!CY7," » декабря 2025 г. № ",'Выбор поселения'!CY6) -> от « 30 » декабря 2025 г. № 15
A7: Программа муниципальных гарантий бюджета сельского поселения на 2026 год
A8: 1.1 Перечень подлежащих предоставлению муниципальных гарантий бюджета сельского поселения в 2026 году
A9: Ед. изм. тыс.руб.
A10: № п/п | B10: Направление (цель) гарантирования | C10: Категории (группы) принципалов | D10: Общий объем предоставляемых гарантий | E10: Наличие права регрессного требования | F10: Обеспечение исполнения обязательств принципала по удовлетворению регрессных требований гаранта | G10: Иные условия предоставления и исполнения муниципальных гарантий бюджета сельского поселения
A11: 1 | B11: Гарантийное обеспечение по обязательствам юридических лиц по кредитам кредитных организаций, предоставленным на цели, установленные Администрацией сельского поселения | C11: Юридические лица, осуществляющие инвестиционную деятельность на территории сельского поселения | D11: 0 | E11: 0 | F11: 0 | G11: 0
A12: Итого: | D12: 0 | E12: 0 | F12: 0 | G12: 0
A15: 1.2 Общий объем бюджетных ассигнований, предусмотренных на исполнение муниципальных гарантий
A16: бюджета сельского поселения по возможным гарантийным случаям в 2026 году
A18: Ед. изм. тыс.руб.
A19: Исполнение муниципальных гарантий бюджета сельского поселения | E19: Объем бюджетных ассигнований на исполнение муниципальных гарантий бюджета сельского поселения по возможным гарантийным случаям
A20: За счет источников финансирования дефицита бюджета сельского поселения | E20: 0
A21: За счет расходов бюджета сельского поселения | E21: 0
A22: Итого: | E22: 0

Sheet П.6
D1: Приложение 6
D2: =CONCATENATE("к решению Совета депутатов ",'Выбор поселения'!CY8," сельского поселения") -> к решению Совета депутатов Братского сельского поселения
D3: =CONCATENATE("О бюджете ",'Выбор поселения'!CY8," сельского поселения на 2026 год") -> О бюджете Братского сельского поселения на 2026 год
D4: =CONCATENATE("от « ",'Выбор поселения'!CY7," » декабря 2025 г. № ",'Выбор поселения'!CY6) -> от « 30 » декабря 2025 г. № 15
C5: В ред.Реш.№3-8 от 02.11.2026г
A7: Источники внутреннего финансирования дефицита бюджета сельского поселения, перечень статей и видов источников финансирования дефицита бюджета сельского поселения на 2026 год
D9: Ед. изм. тыс.руб.
A10: № п/п | B10: Наименование показателя | C10: Код источника финансирования дефицита бюджета по бюджетной классификации | D10: Сумма на 2026 год
A11: 1 | B11: 1 | C11: 2 | D11: 3
A12: 1 | B12: Источники финансирования дефицита бюджета - всего | D12: 157.47709
A13: 2 | B13: источники внутреннего финансирования бюджета | C13: 000 01 00 00 00 00 0000 000 | D13: 0
A14: 3 | B14: Бюджетные кредиты из других бюджетов бюджетной системы Российской Федерации | C14: 000 01 03 00 00 00 0000 000 | D14: 0
A15: 4 | B15: Бюджетные кредиты из других бюджетов бюджетной системы Российской Федерации в валюте Российской Федерации | C15: 000 01 03 01 00 00 0000 000 | D15: 0
A16: 5 | B16: Привлечение бюджетных кредитов из других бюджетов бюджетной системы Российской Федерации в валюте Российской Федерации | C16: 000 01 03 01 00 00 0000 700 | D16: 0
A17: 6 | B17: Привлечение кредитов из других бюджетов бюджетной системы Российской Федерации бюджетами муниципальных районов в валюте Российской Федерации | C17: 000 01 03 01 00 05 0000 710 | D17: 0
A18: 7 | B18: Погашение бюджетных кредитов, полученных из других бюджетов бюджетной системы Российской Федерации в валюте Российской Федерации | C18: 00001 03 01 00 00 0000 800 | D18: 0
A19: 8 | B19: Погашение бюджетами муниципальных районов кредитов из других бюджетов бюджетной системы Российской Федерации в валюте Российской Федерации | C19: 000 01 03 01 00 05 0000 810 | D19: 0
A20: 9 | B20: Изменение остатков средств | C20: 000 01 00 00 00 00 0000 000 | D20: 157.47709
A21: 10 | B21: Изменение остатков средств на счетах по учету средств бюджетов | C21: 000 01 05 00 00 00 0000 000 | D21: 157.47709
A22: 11 | B22: Увеличение остатков денежных средств финансовых резервов бюджетов муниципальных районов | C22: 000 01 05 01 01 05 0000 510 | D22: 157.47709
A23: 12 | B23: Иные источники внутреннего финансирования дефицитов бюджетов | C23: 000 01 06 00 00 00 0000 000 | D23: 0
A24: 13 | B24: Акции и иные формы участия в капитале, находящиеся в государственной и муниципальной собственности | C24: 000 01 06 01 00 00 0000 000 | D24: 0
... A26: 15 | B26: Средства от продажи акций и иных форм участия в капитале, находящихся в собственности муниципальных районов | C26: 000 01 06 01 00 05 0000 630 | D26: 0

Sheet П.7
D1: Приложение 7
D2: =CONCATENATE("к решению Совета депутатов ",'Выбор поселения'!CY8," сельского поселения") -> к решению Совета депутатов Братского сельского поселения
D3: =CONCATENATE("О бюджете ",'Выбор поселения'!CY8," сельского поселения на 2026 год") -> О бюджете Братского сельского поселения на 2026 год
D4: =CONCATENATE("от « ",'Выбор поселения'!CY7," » декабря 2025 г. № ",'Выбор поселения'!CY6) -> от « 30 » декабря 2025 г. № 15
A7: Нормативы отчислений в бюджет сельского поселения на 2026 год
A9: № п/п | B9: Код бюджетной классификации Российской Федерации | C9: Наименование дохода | D9: Норматив отчисления, %
A10: 1 | B10: 2 | C10: 3 | D10: 4
A11: 1 | B11: 1 11 02033 10 0000 120 | C11: Доходы от размещения временно свободных средств бюджетов сельских поселений | D11: 100
A12: 2 | B12: 1 13 01995 10 0000 130 | C12: Прочие доходы от оказания платных услуг (работ) получателями средств бюджетов поселений | D12: 100
A13: 3 | B13: 1 13 02995 10 0000 130 | C13: Прочие доходы от компенсации затрат бюджетов сельских поселений | D13: 100
A14: 4 | B14: 1 14 01050 10 0000 410 | C14: Доходы от продажи квартир, находящихся в собственности сельских поселений | D14: 100
A15: 5 | B15: 1 14 02050 10 0000 410 | C15: Доходы от реализации имущества, находящегося в собственности сельских поселений (за исключением движимого имущества муниципальных бюджетных и автономных учреждений, а также имущества муниципальных унитарных предприятий, в том числе казенных), в части реализации основных средств по указанному имуществу | D15: 100
A16: 6 | B16: 1 14 02050 10 0000 440 | C16: Доходы от реализации имущества, находящегося в собственности сельских поселений (за исключением имущества муниципальных бюджетных и автономных учреждений, а также имущества муниципальных унитарных предприятий, в том числе казенных), в части реализации материальных запасов по указанному имуществу | D16: 100
A17: 7 | B17: 1 14 02052 10 0000 410 | C17: Доходы от реализации имущества, находящегося в собственности сельских поселений (за исключением движимого имущества муниципальных бюджетных и автономных учреждений, а также имущества муниципальных унитарных предприятий, в том числе казенных), в части реализации основных средств по указанному имуществу | D17: 100
A18: 8 | B18: 1 14 02052 10 0000 440 | C18: Доходы от реализации имущества, находящегося в оперативном управлении учреждений, находящихся в ведении органов управления сельских поселений (за исключением имущества муниципальных бюджетных и автономных учреждений), в части реализации материальных запасов по указанному имуществу | D18: 100
A19: 9 | B19: 1 14 06013 10 0000 430 | C19: Доходы от продажи земельных участков, государственная собственность на которые не разграничена и которые расположены в границах сельских поселений | D19: 50
A20: 10 | B20: 1 14 06025 10 0000 430 | C20: Доходы от продажи земельных участков, находящихся в собственности сельских поселений (за исключением земельных участков муниципальных бюджетных и автономных учреждений) | D20: 100
A21: 11 | B21: 1 15 02050 10 0000 140 | C21: Платежи, взимаемые органами местного самоуправления (организациями) сельских поселений за выполнение определенных функций | D21: 100
A22: 12 | B22: 1 17 01050 10 0000 180 | C22: Невыясненные поступления, зачисляемые в бюджеты сельских поселений | D22: 100
A23: 13 | B23: 1 17 05050 10 0000 180 | C23: Прочие неналоговые доходы бюджетов сельских поселений | D23: 100

Sheet П.8
C1: Приложение 8
C2: =CONCATENATE("к решению Совета депутатов ",'Выбор поселения'!CY8," сельского поселения") -> к решению Совета депутатов Братского сельского поселения
C3: =CONCATENATE("О бюджете ",'Выбор поселения'!CY8," сельского поселения на 2026 год") -> О бюджете Братского сельского поселения на 2026 год
C4: =CONCATENATE("от « ",'Выбор поселения'!CY7," » декабря 2025 г. № ",'Выбор поселения'!CY6) -> от « 30 » декабря 2025 г. № 15
A7: Распределение межбюджетных трансфертов предоставляемых из бюджета сельского поселения на 2026 год
A9: п/п | B9: Наименование трансферта | C9: Размер на 2026 год
A10: 1 | B10: 2 | C10: 3
A11: 1 | B11: ='Выбор поселения'!CY96 -> Иной межбюджетный трансферт бюджету Надтеречного муниципального района на осуществление полномочий по решению вопросов местного значения в сфере Культуры, переданных на основании соглашений | C11: 2185.5821
A12: 2 | B12: Иной межбюджетный трансферт бюджету Надтеречного муниципального района на осуществление полномочий по решению вопросов местного значения в сфере Благоустройства, переданных на основании соглашений | C12: 8100.6688
A13: 3 | B13: ='Выбор поселения'!CY98 | C13: 0
B14: Итого | C14: 10286.251
